 Dungeon Crawl Stone Soup version 0.31-a0-675-g238779eb0a (webtiles) character file.

Game seed: 1878166289895655348

482795 qw the Slayer (level 24, 0/178 HPs)
             Began as a Gargoyle Hunter on Sept 5, 2023.
             Was a High Priest of Okawaru.
             Slain by a Killer Klown
             ... wielding a +9 club of freezing
              (1 damage)
             ... on level 1 of the Realm of Zot.
             The game lasted 00:32:08 (46596 turns).

qw the Slayer (Gargoyle Hunter)                    Turns: 46596, Time: 00:32:09

Health: 0/178      AC: 31    Str: 24    XL:     24   Next: 57%
Magic:  30/30      EV: 47    Int: 11    God:    Okawaru [*****.]
Gold:   84         SH:  0    Dex: 45    Spells: 23/23 levels left

rFire   + + .        g - +5 triple crossbow (heavy)
rCold   + + +        (shield currently unavailable)
rNeg    + . .        x - +0 leather armour of Peek-a-Boo {Contam rC+ Dex+8}
rPois   inf          m - +1 hat of the Black Moon {Will++}
rElec   +            D - scarf {repulsion}
rCorr   .            y - +2 pair of gloves {Str+3}
SInv    .            e - +2 pair of boots {Stlth+}
Will    +++..        v - amulet of Traps {Faith Drain rF+ Str+3}
Stlth   ++++         t - ring "Qoaqa" {rF+ Dex+8}
HPRegen 0.49/turn    w - ring "Reus" {Drain +Blink rElec rPois Dex+8}
MPRegen 0.22/turn

%: repel missiles, faith
@: about to teleport, flying
A: sickness immunity, AC +18, big wings, negative energy resistance 1,
electricity resistance, torment resistance 1, petrification resistance, cold
resistance 2
}: 3/15 runes: decaying, serpentine, silver
a: Renounce Religion, Evoke Blink, Heroism, Finesse, Duel


You were on level 1 of the Realm of Zot.
You worshipped Okawaru.
Okawaru was extremely pleased with you.
You visited 9 branches of the dungeon, and saw 41 of its levels.
You visited the Abyss 1 time.
You visited 1 bazaar.
You also visited: Wizlab.

You collected 6173 gold pieces.
You spent 6089 gold pieces at shops.


Innate Abilities, Weirdness & Mutations

You are immune to sickness and miasma.
Your stone body is resilient. (AC +18)
You are immune to poison.
Your large and strong wings let you fly.
You resist negative energy. (rN+)
You are resistant to electric shocks. (rElec)
You are resistant to unholy torment.
You are immune to petrification.
Your flesh is very cold resistant. (rC++)


   Skills:
 - Level 26.0 Fighting
 - Level 22.0 Ranged Weapons
 - Level 15.0 Armour
 + Level 20.7 Dodging
 - Level 1.1 Stealth
 - Level 10.0 Invocations


You had 23 spell levels left.
You didn't know any spells.
Your spell library was empty.

Inventory:

Hand Weapons
 g - a +5 heavy triple crossbow (weapon)
Armour
 b - a +3 leather armour of fire resistance
 c - the +2 helmet of Otwiuveg {Harm rPois rF+}
   (Okawaru gifted it to you on level 4 of the Vaults)

   rF+:       It protects you from fire.
   rPois:     It protects you from poison Harm: It increases damage dealt and
   taken.
 e - a +2 pair of boots of stealth (worn)
 k - a +2 helmet
 m - the +1 hat of the Black Moon (worn) {Will++}
   (Okawaru gifted it to you on level 4 of the Depths)

   Will++:    It greatly increases your willpower.
 p - a +2 cloak of stealth
 q - the +1 pair of boots "Tipocos" {-Tele Rampage rF++ Int+2}
   (You found it on level 3 of the Depths)

   Int+2:     It affects your intelligence (+2).
   rF++:      It greatly protects you from fire.
   -Tele:     It prevents most forms of teleportation.
   Rampage:   It bestows one free step when moving towards enemies.
 x - the +0 leather armour of Peek-a-Boo (worn) {Contam rC+ Dex+8}
   (You bought it in a shop on level 5 of the Vaults)

   Dex+8:     It affects your dexterity (+8).
   rC+:       It protects you from cold.
   Contam:    It causes magical contamination when unequipped.
 y - a +2 pair of gloves of strength (worn)
 A - the +0 pair of boots "Disakhar" {rC+}
   (You found it on level 9 of the Dungeon)

   rC+:       It protects you from cold.
 D - a scarf of repulsion (worn)
Jewellery
 r - the amulet of Vitality {RegenMP++ Regen++}
   (You bought it in a shop on level 2 of the Orcish Mines)

   [amulet of magic regeneration]

   RegenMP:   It increases your rate of magic regeneration.
   Regen++:   It increases your rate of health regeneration.
 t - the ring "Qoaqa" (left hand) {rF+ Dex+8}
   (You bought it in a shop on level 2 of the Orcish Mines)

   [ring of protection from fire]

   Dex+8:     It affects your dexterity (+8).
   rF+:       It protects you from fire.
 v - the amulet of Traps (around neck) {Faith Drain rF+ Str+3}
   (You found it in a wizard's laboratory)

   [amulet of faith]

   Faith:     It allows you to gain divine favour quickly.
   Str+3:     It affects your strength (+3).
   rF+:       It protects you from fire.
   Drain:     It drains your maximum health when unequipped.
 w - the ring "Reus" (right hand) {Drain +Blink rElec rPois Dex+8}
   (You found it on level 4 of the Depths)

   [ring of poison resistance]

   Dex+8:     It affects your dexterity (+8).
   rElec:     It insulates you from electricity.
   rPois:     It protects you from poison +Blink: It lets you blink.
   Drain:     It drains your maximum health when unequipped.
Scrolls
 h - 17 scrolls of identify
 C - 10 scrolls of enchant armour
Potions
 a - 17 potions of curing
 d - 4 potions of cancellation
 i - 6 potions of mutation
 j - 6 potions of enlightenment
 n - 4 potions of magic
 o - 4 potions of resistance
 u - 9 potions of might
 z - 10 potions of haste

Dungeon Overview and Level Annotations

Branches:
Dungeon (15/15)            Temple (1/1) D:5            Lair (5/5) D:9
  Swamp (4/4) Lair:2        Snake (4/4) Lair:2        Slime (0/5) Lair:4
    Orc (2/2) D:11            Elf (0/3) Orc:2        Vaults (5/5) D:14
  Crypt (0/3) Vaults:2     Depths (4/4) D:15            Zot (1/5) Depths:4
 WizLab (visited)

Altars:
Ashenzari
Cheibriados
Dithmenos
Elyvilon
Fedhas
Gozag
Hepliaklqana
Kikubaaqudgha
Makhleb
Nemelex Xobeh
Okawaru
Qazlal
Ru
Sif Muna
Trog
Uskayaw
Vehumet
Wu Jian
Xom
Yredelemnul
Zin
The Shining One
Jiyva

Shops:
D:1 !   D:5 :   D:15 [   Orc:1 =   Orc:2 (=(=   Snake:1 :=:   Vaults:1 :
Vaults:2 (   Vaults:4 =   Vaults:5 *

Portals:
Hell: Depths:1 Depths:2 Depths:3 Depths:4
Abyss: Depths:3
Pandemonium: Depths:2
Ziggurat: Depths:1
Trove: Depths:2 (give 3 potions of resistance)

Annotations:
D:6 2 transporters
Swamp:1 2 transporters, qw's ghost, adept GrHu
Swamp:2 3 runed translucent doors, pleonasm's ghost, adept OgBe; qw's ghost, adept GrHu
Depths:3 2 transporters
Zot:1 exclusion: dread lich


Message History

The red draconian completely misses you.
The red draconian closely misses you.
The purple draconian shifter gestures wildly while chanting.
The purple draconian shifter blinks!
The purple draconian completely misses you.
You shoot a bolt.
The bolt hits the tentacled monstrosity!!!!
The tentacled monstrosity is almost dead.
The Killer Klown completely misses you.
The Killer Klown blinks!
The tentacled monstrosity completely misses you. x3
The tentacled monstrosity constricts you.
The Killer Klown completely misses you.
The red draconian hits you with a +0 flail!
The red draconian hits you with a +0 war axe!
The purple draconian shifter casts a spell.
The purple draconian shifter blinks!
The purple draconian completely misses you.
The tentacled monstrosity tentacle-slaps you.
The tentacled monstrosity closely misses you.
The tentacled monstrosity completely misses you.
The tentacled monstrosity constricts you.
The purple draconian shifter casts a spell at you.
The yellow draconian blinks!
The red draconian completely misses you. x2
The Killer Klown misses you. The purple draconian misses you.
You shoot a bolt.
The bolt hits the tentacled monstrosity!!!!
You kill the tentacled monstrosity!
Okawaru accepts your kill.
The Killer Klown teases you but does no damage.
The yellow draconian hits you but does no damage.
You hear some strange, mumbled words.
A shard of ice appears from out of thin air!
Deactivating autopickup; reactivate with Ctrl-A.
The shard of ice misses you.
The shard of ice hits the red draconian!
The Killer Klown blinks!
The Killer Klown kneecaps you with a +9 club of freezing!!
The Killer Klown freezes you.
You die...

..... d##^..##..
#.#....####...####.
##.....###.......###
#.....##..........q#
#....##......}......
....##..8.d.....8..
#..##.....z###.....
#. #......#¤d.#....
#..##..p.#{@d..#...
#..#...\.#pdd..#.}.
#..##....#.....#...
# #.....p....#....
.##......##......
#...##..8.......8..
#...##.^....8......
##...##...........#
#....###...^..


You could see 2 Killer Klowns, a black draconian, a yellow draconian, a purple
draconian, 2 draconians, a purple draconian shifter and a death cob.

Vanquished Creatures
  3 dread liches
  An ancient lich (Vaults:2)
  Mennas (Vaults:5)
  Mara (Swamp:3)
  2 juggernauts (Depths:3)
  Sojobo (Vaults:5)
  Vashnia (Snake:2)
  Frederick (Vaults:2)
  Margery (Vaults:3)
  Saint Roka (Depths:3)
  Nikola (Swamp:4)
  Norris (Vaults:2)
  A golden dragon (Vaults:4)
  A Hellbinder (WizLab)
  A bone dragon (Abyss:2)
  Asterion (Snake:2)
  5 tentacled monstrosities
  Jorgrun (D:13)
  8 liches
  Rupert (D:15)
  3 titans
  A walking crystal tome (Depths:4)
  A walking frostbound tome (Depths:3)
  A kraken (Swamp:1)
  2 quicksilver dragons
  4 sphinxes
  An Executioner (Abyss:2)
  2 tentacled starspawn (Abyss:2)
  3 storm dragons
  Aizul (Swamp:2)
  2 thorn hunters (Swamp:4)
  A storm dragon (shapeshifter) (Vaults:5)
  7 nagarajas (Snake:4)
  4 shadow dragons (Vaults:5)
  A fenstrider witch (Swamp:3)
  11 tengu reavers
  8 fire giants
  5 deep elf sorcerers
  Donald (Swamp:2)
  13 frost giants
  11 vault wardens
  6 iron dragons
  A cacodemon (WizLab)
  3 balrugs
  A draconian shifter (Depths:4)
  3 orc warlords
  23 very ugly things
  2 spriggan defenders (Depths:3)
  11 stone giants
  A quicksilver ooze (shapeshifter) (D:15)
  21 ironbound preservers
  A war gargoyle (Vaults:5)
  A demonspawn blood saint (WizLab)
  A formless jellyfish (shapeshifter) (Vaults:5)
  4 ironbound thunderhulks
  2 draconian annihilators (Depths:4)
  3 vampire knights (Depths:3)
  A formless jellyfish (Vaults:4)
  A deep elf demonologist (Vaults:5)
  14 dire elephants
  A lorocyproca (WizLab)
  2 eleionomae
  6 bunyips
  A deep elf annihilator (Depths:4)
  5 yellow draconians (Depths:4)
  3 black draconians (Depths:4)
  A green death (WizLab)
  18 ettins
  3 spark wasps (Depths:2)
  3 jiangshi (Depths:2)
  A deep elf death mage (Vaults:5)
  2 deep elf high priests (Vaults:5)
  2 entropy weavers
  10 fire dragons
  A merfolk javelineer (Depths:2)
  12 yaktaur captains
  6 great orbs of eyes
  33 vault guards
  2 salamander tyrants
  6 ice dragons
  27 hydras
  9 spriggan air magi
  A radroach (shapeshifter) (Vaults:3)
  3 rakshasas
  A hell beast (Depths:2)
  7 alligators
  2 ghost crabs
  3 catoblepae
  A death knight (D:9)
  11 ironbound frosthearts
  A two-headed ogre (shapeshifter) (Vaults:5)
  9 anacondas
  11 deep troll shamans
  7 boulder beetles
  17 naga warriors
  2 tengu warriors (D:13)
  15 centaur warriors
  3 vampire magi
  19 death yaks
  2 two-headed ogres
  A satyr (shapeshifter) (D:14)
  3 thrashing horrors (Abyss:2)
  A titan zombie (Vaults:5)
  A demonic crawler (Abyss:2)
  A death yak (shapeshifter) (Vaults:5)
  5 orc high priests
  8 deep troll earth magi
  2 sun demons
  9 shock serpents
  3 soul eaters
  A storm dragon zombie (Vaults:5)
  20 naga sharpshooters
  5 spriggans
  8 hell knights
  6 spriggan berserkers
  2 wretched stars (Abyss:2)
  6 skysharks
  2 salamander mystics
  2 sixfirhies (WizLab)
  6 iron trolls
  5 sea snakes (Snake:4)
  3 goliath frogs
  2 shadow wraiths
  10 swamp dragons
  A flayed ghost (Depths:4)
  A shadow demon (WizLab)
  5 naga ritualists
  80 deep trolls
  2 glowing orange brains
  Pikel (D:9)
  3 bog bodies
  7 lindwurms
  Lodul (D:13)
  4 spriggan druids
  21 ironbound convokers
  5 orc knights
  2 deep elf pyromancers
  15 mana vipers
  5 wizards
  23 ugly things
  3 necromancers
  A cyclops (shapeshifter) (Depths:1)
  5 orc sorcerers
  2 manticores (D:11)
  12 salamanders
  A stone giant zombie (Vaults:5)
  A moth of wrath (shapeshifter) (Vaults:5)
  2 shadow dragon skeletons (Vaults:5)
  4 will-o-the-wisps
  2 rust devils
  18 vault sentinels
  Jeremiah (D:7)
  A frost giant skeleton (Vaults:5)
  4 cyclopes
  3 elephants (Lair:4)
  A stone giant skeleton (Vaults:5)
  4 guardian serpents
  33 black mambas
  3 smoke demons
  12 naga magi
  Maurice (D:9)
  A torpor snail (Lair:4)
  25 cane toads
  4 gargoyles
  An apocalypse crab (Abyss:2)
  A titan simulacrum (Vaults:5)
  An orange demon (Depths:2)
  4 rime drakes
  2 unseen horrors
  A kobold demonologist (D:13)
  A hellion (WizLab)
  2 efreet
  20 yaktaurs
  2 tormentors (WizLab)
  An unseen horror (shapeshifter) (D:14)
  2 ice devils (WizLab)
  A freezing wraith (Vaults:5)
  10 komodo dragons
  A yaktaur skeleton (Vaults:5)
  An ancient zyme (Abyss:2)
  3 meliai (D:15)
  3 red devils
  2 hellwings
  7 tyrant leeches
  8 polar bears
  Prince Ribbit (D:7)
  A queen bee (shapeshifter) (D:14)
  3 trolls
  2 bloated husks
  5 hornets
  A raiju (Abyss:2)
  14 blink frogs (Lair:5)
  5 dream sheep (Lair:5)
  A centaur simulacrum (D:14)
  2 large abominations (Abyss:2)
  18 slime creatures
  4 wyverns
  A slime creature (shapeshifter) (Depths:3)
  3 vampires
  A culicivora (Vaults:1)
  14 water elementals
  4 ynoxinuls
  47 yaks
  3 wraiths
  3 neqoxecs (WizLab)
  25 vampire mosquitoes
  3 steam dragons
  4 basilisks
  2 redbacks (Vaults:1)
  3 wargs
  A chaos spawn (Abyss:2)
  11 swamp worms
  2 acid dragons
  A floating eye (Depths:4)
  55 nagas
  14 water moccasins
  A hell hound (Abyss:2)
  A sky beast (D:7)
  32 orc warriors
  11 swamp drakes
  A black bear (Lair:2)
  4 ice beasts
  13 wolves
  11 ogres
  4 boggarts (Vaults:3)
  4 kobold brigands
  3 centaurs
  2 lemures (D:9)
  19 bullfrogs
  3 small abominations (Abyss:2)
  5 scorpions
  8 wights (D:8)
  9 howler monkeys
  3 electric eels
  27 orc priests
  8 hounds
  A jelly (D:6)
  2 sleepcaps
  31 orc wizards
  7 gnolls
  6 adders
  A white imp (Abyss:2)
  3 worms
  5 dart slugs
  69 orcs
  5 ball pythons
  2 bats (D:3)
  4 endoplasms
  6 giant cockroaches
  16 hobgoblins
  3 jackals (D:3)
  4 quokkas
  6 frilled lizards
  5 goblins
  22 kobolds
  4 rats
  5 tentacles (Swamp:1)
1622 creatures vanquished.

Vanquished Creatures (others)
  A bog body (Swamp:4)
  2 orc warriors (Depths:3)
  An orc priest (Depths:3)
  An orc (Depths:3)
  10 foxfires
  4 starspawn tentacles (Abyss:2)
  3 tentacles (Swamp:1)
22 creatures vanquished.

Grand Total: 1644 creatures vanquished

Notes
Turn   | Place    | Note
-------+----------+-------------------------------------------
     0 | D:1      | qw the Gargoyle Hunter began the quest for the Orb.
     0 | D:1      | Reached XP level 1. HP: 12/12 MP: 1/1
     0 | D:1      | 0 ||| qw: Version: 0.3-a-75-g829b12e
     0 | D:1      | 0 ||| qw: Game counter: 59
     0 | D:1      | 0 ||| qw: Melee chars always use a shield: true
     0 | D:1      | 0 ||| qw: God list: Okawaru
     0 | D:1      | 0 ||| qw: Allow faded altars: false
     0 | D:1      | 0 ||| qw: Do Orc after clearing Dungeon:15 true
     0 | D:1      | 0 ||| qw: Do second Lair branch before Depths: true
     0 | D:1      | 0 ||| qw: Lair rune preference: random
     0 | D:1      | 0 ||| qw: Goals: Normal
     0 | D:1      | 0 ||| PLANNING D:1-11
   128 | D:1      | Reached XP level 2. HP: 17/17 MP: 2/2
   202 | D:1      | Found Fiamar's Distillery.
   205 | D:1      | 205 ||| SHOPLISTING potion of curing (33 gold, have 20).
   205 | D:1      | 205 ||| SHOPLISTING potion of haste (110 gold, have 20).
   205 | D:1      | 205 ||| SHOPLISTING potion of might (44 gold, have 20).
   205 | D:1      | 205 ||| SHOPLISTING potion of resistance (110 gold, have
                  | 20).
   412 | D:1      | You fall into a shaft and drop 1 floor!
   424 | D:2      | Reached XP level 3. HP: 21/21 MP: 3/3
   633 | D:2      | 633 ||| UPGRADING to +0 ring mail.
   643 | D:2      | 643 ||| DROPPING +0 leather armour.
   644 | D:2      | 644 ||| READING scroll labelled WAHOOMIAFE.
   645 | D:2      | 645 ||| READING 2 scrolls labelled HUNAIB YFABRY.
   646 | D:2      | 646 ||| READING scroll labelled KOACKO UHIE.
   647 | D:2      | 647 ||| READING scroll labelled VOTZYV KUNIU.
   648 | D:2      | 648 ||| READING scroll labelled JOYTIU DUESHOA.
   649 | D:2      | 649 ||| DROPPING scroll of butterflies.
   650 | D:2      | 650 ||| FLEEEEING.
   651 | D:2      | 651 ||| FLEEEEING.
   652 | D:2      | 652 ||| FLEEEEING.
   653 | D:2      | 653 ||| FLEEEEING.
   654 | D:2      | 654 ||| FLEEEEING.
   663 | D:2      | Reached skill level 1 in Armour
   673 | D:2      | Reached XP level 4. HP: 24/27 MP: 4/4
   808 | D:1      | Reached skill level 3 in Fighting
  1282 | D:1      | 1282 ||| UPGRADING to ring of resist corrosion.
  1283 | D:1      | 1283 ||| READING scroll labelled ITWOEFI VUBUMU.
  1284 | D:1      | 1284 ||| READING scroll labelled LAIGRE OSIFOIM.
  1672 | D:2      | 1672 ||| UPGRADING to amulet of reflection.
  1677 | D:2      | 1677 ||| Stepping ~*~*~tactically~*~*~ (water).
  1678 | D:2      | 1678 ||| UPGRADING to +6 ring of dexterity.
  1679 | D:2      | 1679 ||| READING scroll labelled CELAIC WESUS.
  2410 | D:3      | 2410 ||| DROPPING amulet of magic regeneration.
  2411 | D:3      | 2411 ||| READING scroll labelled IQEOGH CIOF.
  2411 | D:3      | Identified a scroll of acquirement
  2411 | D:3      | 2411 ||| ACQUIRING +8 arbalest of the Ghost {penet, Will-
                  | rCorr Str+2}
  2411 | D:3      | Acquired the +8 arbalest of the Ghost {penet, Will- rCorr
                  | Str+2}
  2413 | D:3      | 2413 ||| SWAPPING to +8 arbalest of the Ghost {penet, Will-
                  | rCorr Str+2}.
  2414 | D:3      | 2414 ||| REMOVING ring of resist corrosion.
  2415 | D:3      | 2415 ||| DROPPING +1 shortbow of draining.
  2416 | D:3      | 2416 ||| DRINKING 2 metallic clear potions.
  2417 | D:3      | 2417 ||| DRINKING 2 viscous silvery potions.
  2417 | D:3      | Gained mutation: Your flesh is cold resistant. (rC+)
                  | [potion of mutation]
  2417 | D:3      | Lost mutation: Your flesh is cold resistant. (rC+) [potion
                  | of mutation]
  2417 | D:3      | Gained mutation: Your flesh is cold resistant. (rC+)
                  | [potion of mutation]
  2417 | D:3      | Gained mutation: Your flesh is very cold resistant. (rC++)
                  | [potion of mutation]
  2418 | D:3      | 2418 ||| READING 3 scrolls of identify.
  2418 | D:3      | 2418 ||| IDENTIFYING purple potion
  2419 | D:3      | 2419 ||| READING 2 scrolls of identify.
  2419 | D:3      | 2419 ||| IDENTIFYING brown potion
  2420 | D:3      | 2420 ||| DROPPING potion of brilliance.
  2421 | D:3      | 2421 ||| DROPPING potion of ambrosia.
  2456 | D:4      | Reached XP level 5. HP: 21/32 MP: 5/5
  2458 | D:4      | 2458 ||| STAIRDANCE
  2511 | D:4      | Reached skill level 6 in Ranged Weapons
  2638 | D:4      | Reached skill level 4 in Fighting
  2638 | D:4      | Reached XP level 6. HP: 38/38 MP: 6/6
  3228 | D:4      | 3228 ||| UPGRADING to +2 helmet.
  3233 | D:4      | 3233 ||| READING scroll labelled XOARUV LAOPH.
  3257 | D:5      | Entered Level 5 of the Dungeon
  3325 | D:5      | Found a staircase to the Ecumenical Temple.
  3326 | D:5      | 3326 ||| PLANNING TEMPLE
  3331 | Temple   | Entered the Ecumenical Temple
  3332 | Temple   | 3332 ||| PLANNING OKAWARU WORSHIP
  3340 | Temple   | Became a worshipper of Warmaster Okawaru
  3341 | Temple   | 3341 ||| PLANNING D:1-11
  3396 | D:5      | Found Jutouczuek's Book Boutique.
  3516 | D:5      | Found a shadowy altar of Dithmenos.
  3522 | D:5      | 3522 ||| DRINKING 5 potions of curing.
  3522 | D:5      | 3522 ||| (to cure confusion)
  3536 | D:5      | Reached XP level 7. HP: 43/43 MP: 7/7
  3859 | D:5      | Noticed a steam dragon
  3862 | D:5      | Killed a steam dragon
  3884 | D:5      | 3884 ||| DROPPING amulet of the acrobat.
  3885 | D:5      | 3885 ||| DRINKING 2 black potions.
  3929 | D:5      | 3929 ||| READING 2 scrolls of identify.
  3929 | D:5      | 3929 ||| IDENTIFYING green potion
  3930 | D:5      | 3930 ||| DROPPING potion of lignification.
  3979 | D:6      | Identified the +0 cloak of the Old and Reckless {Int+3}
  4110 | D:6      | Found a white marble altar of Elyvilon.
  4127 | D:6      | Reached * piety under Okawaru
  4128 | D:6      | Reached skill level 5 in Fighting
  4128 | D:6      | Reached XP level 8. HP: 49/49 MP: 8/8
  4145 | D:6      | Found a sacrificial altar of Ru.
  4153 | D:6      | Found an ornate altar of the Wu Jian Council.
  4153 | D:6      | Found a hide-covered altar of Uskayaw.
  4155 | D:6      | 4155 ||| INVOKING Heroism.
  4159 | D:6      | Reached skill level 1 in Invocations
  4159 | D:6      | 4159 ||| Stepping ~*~*~tactically~*~*~ (outnumbered).
  4161 | D:6      | 4161 ||| Stepping ~*~*~tactically~*~*~ (outnumbered).
  4167 | D:6      | 4167 ||| FLEEEEING.
  4168 | D:6      | 4168 ||| FLEEEEING.
  4183 | D:6      | Found a stormy altar of Qazlal.
  4188 | D:6      | Found a shimmering blue altar of Sif Muna.
  4239 | D:6      | 4239 ||| INVOKING Heroism.
  4303 | D:6      | Found a transporter.
  4312 | D:6      | Found a transporter.
  4612 | D:6      | 4612 ||| INVOKING Heroism.
  4616 | D:6      | Reached skill level 9 in Ranged Weapons
  4707 | D:6      | 4707 ||| UPGRADING to +0 cloak of the Old and Reckless
                  | {Int+3}.
  4712 | D:6      | 4712 ||| UPGRADING to +0 pair of boots.
  4717 | D:6      | 4717 ||| READING scroll of enchant armour.
  4717 | D:6      | 4717 ||| ENCHANTING +0 pair of boots.
  4718 | D:6      | 4718 ||| UPGRADING to ring of protection from fire.
  4719 | D:6      | 4719 ||| READING 2 scrolls of identify.
  4719 | D:6      | 4719 ||| IDENTIFYING sapphire potion
  4731 | D:7      | 4731 ||| Stepping ~*~*~tactically~*~*~ (outnumbered).
  4856 | D:7      | Noticed Jeremiah
  4863 | D:7      | 4863 ||| STAIRDANCE
  4898 | D:7      | Killed Jeremiah
  4899 | D:7      | Reached XP level 9. HP: 54/54 MP: 9/12
  4899 | D:7      | 4899 ||| STAIRDANCE
  4950 | D:7      | Reached skill level 3 in Dodging
  5055 | D:7      | Noticed Prince Ribbit
  5056 | D:7      | 5056 ||| INVOKING Heroism.
  5066 | D:7      | Killed Prince Ribbit
  5067 | D:7      | Reached skill level 6 in Fighting
  5124 | D:7      | Reached ** piety under Okawaru
  5139 | D:7      | 5139 ||| INVOKING Heroism.
  5472 | D:7      | 5472 ||| DRINKING 2 fuming sapphire potions.
  5520 | D:8      | Noticed a hornet
  5521 | D:8      | 5521 ||| RETREATING.
  5527 | D:8      | 5527 ||| INVOKING Heroism.
  5531 | D:8      | HP: 12/56 [hornet (8)]
  5532 | D:8      | 5532 ||| READING 4 scrolls of teleportation.
  5533 | D:8      | 5533 ||| DRINKING potion of heal wounds.
  5694 | D:8      | Reached skill level 7 in Fighting
  5700 | D:8      | 5700 ||| RETREATING.
  5990 | D:8      | 5990 ||| Stepping ~*~*~tactically~*~*~ (outnumbered).
  6068 | D:8      | 6068 ||| INVOKING Heroism.
  6071 | D:8      | 6071 ||| RETREATING.
  6075 | D:8      | Reached XP level 10. HP: 38/63 MP: 11/13
  6087 | D:8      | Reached *** piety under Okawaru
  6168 | D:8      | Identified the +9 shortbow of Yshustur {speed, Contam rN+++
                  | Will+ rCorr}
  6479 | D:8      | 6479 ||| READING scroll labelled NAESAG WUFAEN.
  6480 | D:8      | 6480 ||| DRINKING 2 puce potions.
  6557 | D:9      | 6557 ||| RETREATING.
  6562 | D:9      | 6562 ||| RETREATING.
  6569 | D:9      | Reached skill level 8 in Fighting
  6569 | D:9      | 6569 ||| INVOKING Heroism.
  6776 | D:9      | 6776 ||| Stepping ~*~*~tactically~*~*~ (outnumbered).
  6781 | D:9      | Reached **** piety under Okawaru
  6844 | D:9      | Found an opulent altar of Gozag.
  6845 | D:9      | Noticed Pikel
  6846 | D:9      | 6846 ||| RETREATING.
  6861 | D:9      | Found a staircase to the Lair.
  6863 | D:9      | 6863 ||| Stepping ~*~*~tactically~*~*~ (retreating).
  6864 | D:9      | 6864 ||| Stepping ~*~*~tactically~*~*~ (retreating).
  6866 | D:9      | 6866 ||| Stepping ~*~*~tactically~*~*~ (retreating).
  6867 | D:9      | 6867 ||| Stepping ~*~*~tactically~*~*~ (retreating).
  6868 | D:9      | 6868 ||| Stepping ~*~*~tactically~*~*~ (retreating).
  6869 | D:9      | 6869 ||| Stepping ~*~*~tactically~*~*~ (retreating).
  6870 | D:9      | 6870 ||| INVOKING Heroism.
  6874 | D:9      | 6874 ||| Stepping ~*~*~tactically~*~*~ (retreating).
  6875 | D:9      | 6875 ||| Stepping ~*~*~tactically~*~*~ (retreating).
  6877 | D:9      | 6877 ||| Stepping ~*~*~tactically~*~*~ (retreating).
  6878 | D:9      | 6878 ||| Stepping ~*~*~tactically~*~*~ (retreating).
  6880 | D:9      | 6880 ||| Stepping ~*~*~tactically~*~*~ (retreating).
  6882 | D:9      | 6882 ||| Stepping ~*~*~tactically~*~*~ (retreating).
  6883 | D:9      | 6883 ||| Stepping ~*~*~tactically~*~*~ (retreating).
  6884 | D:9      | HP: 12/64 [something (6)]
  6885 | D:9      | 6885 ||| READING 3 scrolls of teleportation.
  6887 | D:9      | 6887 ||| Stepping ~*~*~tactically~*~*~ (retreating).
  6888 | D:9      | 6888 ||| READING 2 scrolls of teleportation.
  6889 | D:9      | 6889 ||| INVOKING Heroism.
  7174 | D:9      | Reached skill level 12 in Ranged Weapons
  7202 | D:9      | Noticed Maurice
  7204 | D:9      | Killed Maurice
  7290 | D:9      | Noticed a gargoyle
  7290 | D:9      | Noticed a cyclops
  7290 | D:9      | Noticed a centaur warrior
  7290 | D:9      | Noticed an eight-headed hydra
  7291 | D:9      | 7291 ||| RETREATING.
  7293 | D:9      | 7293 ||| Stepping ~*~*~tactically~*~*~ (outnumbered).
  7297 | D:9      | Killed a centaur warrior
  7299 | D:9      | Killed a gargoyle
  7300 | D:9      | Reached skill level 6 in Invocations
  7300 | D:9      | Reached XP level 11. HP: 65/68 MP: 13/15
  7301 | D:9      | 7301 ||| INVOKING Heroism.
  7303 | D:9      | Killed a cyclops
  7306 | D:9      | Killed an eight-headed hydra
  7306 | D:9      | Reached ***** piety under Okawaru
  7408 | D:9      | Noticed a boulder beetle
  7409 | D:9      | 7409 ||| INVOKING Heroism.
  7412 | D:9      | Noticed a deep elf pyromancer
  7416 | D:9      | Killed a boulder beetle
  7421 | D:9      | Killed a deep elf pyromancer
  7513 | D:9      | Noticed a centaur warrior
  7516 | D:9      | Noticed a death knight
  7517 | D:9      | 7517 ||| Stepping ~*~*~tactically~*~*~ (outnumbered).
  7521 | D:9      | 7521 ||| INVOKING Heroism.
  7521 | D:9      | Noticed a fire dragon
  7522 | D:9      | 7522 ||| INVOKING Finesse.
  7523 | D:9      | 7523 ||| INVOKING Finesse.
  7526 | D:9      | Killed a centaur warrior
  7533 | D:9      | Killed a fire dragon
  7533 | D:9      | Killed a death knight
  7533 | D:9      | HP: 10/69 [mirror damage (9)]
  7534 | D:9      | Reached skill level 9 in Fighting
  7741 | D:9      | Identified the +0 pair of boots "Disakhar" {rC+}
  7744 | D:9      | Identified the staff "Inoeh" {rElec Str+2 Int+3 Dex-3 Air}
  7776 | D:9      | 7776 ||| RETREATING.
  7778 | D:9      | Killed Pikel
  8008 | D:9      | 8008 ||| PLANNING LAIR
  8008 | D:9      | 8008 ||| UPGRADING to +2 pair of gloves of strength.
  8013 | D:9      | 8013 ||| UPGRADING to +2 robe.
  8023 | D:9      | 8023 ||| DROPPING +0 ring mail.
  8048 | Lair:1   | Entered Level 1 of the Lair of Beasts
  8049 | Lair:1   | 8049 ||| INVOKING Heroism.
  8058 | Lair:1   | Reached skill level 9 in Invocations
  8109 | Lair:1   | 8109 ||| INVOKING Heroism.
  8115 | Lair:1   | Received a gift from Okawaru
  8165 | Lair:1   | 8165 ||| INVOKING Heroism.
  8221 | Lair:1   | 8221 ||| INVOKING Heroism.
  8225 | Lair:1   | Reached XP level 12. HP: 76/76 MP: 16/19
  8243 | Lair:1   | 8243 ||| RETREATING.
  8468 | Lair:1   | 8468 ||| INVOKING Heroism.
  8491 | Lair:1   | Noticed a death yak
  8492 | Lair:1   | 8492 ||| RETREATING.
  8493 | Lair:1   | 8493 ||| INVOKING Finesse.
  8500 | Lair:1   | Killed a death yak
  8506 | Lair:1   | Noticed a death yak
  8540 | Lair:1   | Noticed a death yak
  8541 | Lair:1   | 8541 ||| RETREATING.
  8543 | Lair:1   | 8543 ||| INVOKING Heroism.
  8555 | Lair:1   | 8555 ||| INVOKING Finesse.
  8556 | Lair:1   | Killed a death yak
  8590 | Lair:1   | Noticed a death yak
  8593 | Lair:1   | Noticed a death yak
  8594 | Lair:1   | 8594 ||| RETREATING.
  8599 | Lair:1   | Killed a death yak
  8600 | Lair:1   | Reached skill level 6 in Dodging
  8603 | Lair:1   | 8603 ||| RETREATING.
  8604 | Lair:1   | 8604 ||| INVOKING Heroism.
  8614 | Lair:1   | Noticed a death yak
  8619 | Lair:1   | Killed a death yak
  8620 | Lair:1   | Reached skill level 10 in Fighting
  8620 | Lair:1   | Killed a death yak
  8625 | Lair:1   | Killed a death yak
  9079 | Lair:1   | 9079 ||| UPGRADING to +2 pair of boots of stealth.
  9089 | Lair:1   | 9089 ||| DROPPING +1 pair of boots.
  9126 | Lair:2   | Found a staircase to the Swamp.
  9138 | Lair:2   | 9138 ||| INVOKING Heroism.
  9216 | Lair:2   | Noticed a skyshark
  9227 | Lair:2   | Killed a skyshark
  9325 | Lair:2   | Reached skill level 15 in Ranged Weapons
  9328 | Lair:2   | Found a staircase to the Snake Pit.
  9352 | Lair:2   | 9352 ||| INVOKING Heroism.
  9516 | Lair:2   | 9516 ||| RETREATING.
  9518 | Lair:2   | 9518 ||| Stepping ~*~*~tactically~*~*~ (retreating).
  9519 | Lair:2   | 9519 ||| Stepping ~*~*~tactically~*~*~ (retreating).
  9520 | Lair:2   | 9520 ||| Stepping ~*~*~tactically~*~*~ (retreating).
  9521 | Lair:2   | 9521 ||| Stepping ~*~*~tactically~*~*~ (retreating).
  9522 | Lair:2   | 9522 ||| Stepping ~*~*~tactically~*~*~ (retreating).
  9523 | Lair:2   | 9523 ||| Stepping ~*~*~tactically~*~*~ (retreating).
  9590 | Lair:2   | 9590 ||| RETREATING.
  9598 | Lair:2   | 9598 ||| Stepping ~*~*~tactically~*~*~ (retreating).
  9606 | Lair:2   | Reached XP level 13. HP: 82/82 MP: 20/20
 10011 | Lair:2   | 10011 ||| UPGRADING to scarf of repulsion.
 10021 | Lair:2   | 10021 ||| READING 3 scrolls of identify.
 10021 | Lair:2   | 10021 ||| IDENTIFYING blue potion
 10022 | Lair:2   | 10022 ||| READING 2 scrolls of identify.
 10022 | Lair:2   | 10022 ||| IDENTIFYING metallic orange potion
 10023 | Lair:2   | 10023 ||| DROPPING potion of invisibility.
 10079 | Lair:3   | 10079 ||| INVOKING Heroism.
 10120 | Lair:3   | 10120 ||| INVOKING Heroism.
 10214 | Lair:3   | 10214 ||| INVOKING Heroism.
 10341 | Lair:3   | 10341 ||| FLEEEEING.
 10342 | Lair:3   | 10342 ||| FLEEEEING.
 10343 | Lair:3   | 10343 ||| FLEEEEING.
 10344 | Lair:3   | 10344 ||| FLEEEEING.
 10345 | Lair:3   | 10345 ||| FLEEEEING.
 10346 | Lair:3   | 10346 ||| FLEEEEING.
 10584 | Lair:3   | 10584 ||| INVOKING Heroism.
 10624 | Lair:3   | 10624 ||| INVOKING Heroism.
 10766 | Lair:3   | 10766 ||| INVOKING Heroism.
 10771 | Lair:3   | Reached skill level 11 in Fighting
 11032 | Lair:3   | 11032 ||| DROPPING ring of fire.
 11033 | Lair:3   | 11033 ||| READING scroll labelled PIVIKLISUKK.
 11084 | Lair:3   | 11084 ||| READING 2 scrolls of identify.
 11084 | Lair:3   | 11084 ||| IDENTIFYING murky sapphire potion
 11085 | Lair:3   | 11085 ||| DROPPING potion of attraction.
 11110 | Lair:4   | 11110 ||| INVOKING Heroism.
 11211 | Lair:4   | 11211 ||| RETREATING.
 11223 | Lair:4   | 11223 ||| INVOKING Heroism.
 11236 | Lair:4   | 11236 ||| INVOKING Finesse.
 11489 | Lair:4   | Found a staircase to the Slime Pits.
 11489 | Lair:4   | Found a viscous altar of Jiyva.
 11561 | Lair:4   | 11561 ||| Stepping ~*~*~tactically~*~*~ (retreating).
 11594 | Lair:4   | 11594 ||| RETREATING.
 11602 | Lair:4   | 11602 ||| RETREATING.
 11610 | Lair:4   | 11610 ||| RETREATING.
 11618 | Lair:4   | 11618 ||| RETREATING.
 11620 | Lair:4   | 11620 ||| INVOKING Heroism.
 11634 | Lair:4   | 11634 ||| INVOKING Finesse.
 11637 | Lair:4   | 11637 ||| RETREATING.
 11709 | Lair:4   | 11709 ||| INVOKING Heroism.
 11804 | Lair:4   | 11804 ||| INVOKING Heroism.
 11805 | Lair:4   | 11805 ||| INVOKING Finesse.
 11814 | Lair:4   | Gained mutation: Your large and strong wings let you fly.
                  | [Gargoyle growth]
 11814 | Lair:4   | Reached XP level 14. HP: 90/90 MP: 14/21
 11952 | Lair:4   | 11952 ||| UPGRADING to +2 robe of cold resistance.
 11962 | Lair:4   | 11962 ||| DROPPING +2 robe.
 11980 | Lair:5   | Entered Level 5 of the Lair of Beasts
 11998 | Lair:5   | Reached skill level 18 in Ranged Weapons
 11998 | Lair:5   | 11998 ||| FLEEEEING.
 12001 | Lair:5   | 12001 ||| Stepping ~*~*~tactically~*~*~ (retreating).
 12031 | Lair:5   | 12031 ||| Stepping ~*~*~tactically~*~*~ (retreating).
 12033 | Lair:5   | 12033 ||| Stepping ~*~*~tactically~*~*~ (retreating).
 12034 | Lair:5   | 12034 ||| Stepping ~*~*~tactically~*~*~ (retreating).
 12035 | Lair:5   | 12035 ||| Stepping ~*~*~tactically~*~*~ (retreating).
 12036 | Lair:5   | 12036 ||| Stepping ~*~*~tactically~*~*~ (retreating).
 12037 | Lair:5   | 12037 ||| Stepping ~*~*~tactically~*~*~ (retreating).
 12038 | Lair:5   | 12038 ||| Stepping ~*~*~tactically~*~*~ (retreating).
 12062 | Lair:5   | 12062 ||| INVOKING Heroism.
 12066 | Lair:5   | Reached skill level 12 in Fighting
 12179 | Lair:5   | 12179 ||| INVOKING Heroism.
 12313 | Lair:5   | 12313 ||| INVOKING Heroism.
 12319 | Lair:5   | 12319 ||| RETREATING.
 12324 | Lair:5   | Received a gift from Okawaru
 12376 | Lair:5   | 12376 ||| RETREATING.
 12459 | Lair:5   | 12459 ||| INVOKING Heroism.
 12461 | Lair:5   | 12461 ||| INVOKING Finesse.
 12514 | Lair:5   | 12514 ||| INVOKING Heroism.
 12515 | Lair:5   | 12515 ||| INVOKING Finesse.
 12526 | Lair:5   | 12526 ||| RETREATING.
 12531 | Lair:5   | Reached skill level 13 in Fighting
 12553 | Lair:5   | 12553 ||| INVOKING Finesse.
 12561 | Lair:5   | Reached skill level 9 in Dodging
 12740 | Lair:5   | 12740 ||| INVOKING Heroism.
 12812 | Lair:5   | 12812 ||| INVOKING Heroism.
 13004 | Lair:5   | 13004 ||| INVOKING Heroism.
 13127 | Lair:5   | 13127 ||| INVOKING Heroism.
 13132 | Lair:5   | Reached XP level 15. HP: 100/100 MP: 19/22
 13208 | Lair:5   | 13208 ||| PLANNING D:1-11
 13208 | Lair:5   | 13208 ||| DROPPING ring of resist corrosion.
 13209 | Lair:5   | 13209 ||| DROPPING +6 ring of intelligence.
 13210 | Lair:5   | 13210 ||| UPGRADING to +4 ring of protection.
 13212 | Lair:5   | 13212 ||| READING scroll labelled BEYBRY IN MOI.
 13348 | D:10     | Entered Level 10 of the Dungeon
 13416 | D:10     | Reached skill level 14 in Fighting
 13643 | D:10     | 13643 ||| Stepping randomly (disturbance).
 13644 | D:10     | 13644 ||| Stepping randomly (disturbance).
 13645 | D:10     | 13645 ||| Stepping randomly (disturbance).
 13646 | D:10     | 13646 ||| Stepping randomly (disturbance).
 13652 | D:10     | 13652 ||| Stepping randomly (disturbance).
 13699 | D:10     | Identified the +7 quick blade of Duty {holy, rC+}
 13859 | D:10     | 13859 ||| DRINKING 2 dark potions.
 13860 | D:10     | 13860 ||| READING 2 scrolls of identify.
 13860 | D:10     | 13860 ||| IDENTIFYING metallic blue potion
 13861 | D:10     | 13861 ||| DROPPING potion of berserk rage.
 14055 | D:11     | Identified the +7 chain mail "Meceysue" {rElec MP+9}
 14066 | D:11     | Found a bloodstained altar of Trog.
 14098 | D:11     | Found a staircase to the Orcish Mines.
 14518 | D:11     | 14518 ||| PLANNING D
 14518 | D:11     | 14518 ||| READING 2 scrolls of identify.
 14518 | D:11     | 14518 ||| IDENTIFYING glowing yellow potion
 14519 | D:11     | 14519 ||| DROPPING potion of degeneration.
 14835 | D:12     | Found a snail-covered altar of Cheibriados.
 14975 | D:12     | Received a gift from Okawaru
 14977 | D:12     | 14977 ||| DROPPING +5 arbalest of draining.
 15059 | D:12     | 15059 ||| DROPPING amulet of guardian spirit.
 15060 | D:12     | 15060 ||| READING scroll labelled FOBUGA RABEG.
 15523 | D:13     | Noticed Lodul
 15524 | D:13     | 15524 ||| RETREATING.
 15537 | D:13     | Reached skill level 15 in Fighting
 15540 | D:13     | Killed Lodul
 15713 | D:13     | Noticed Jorgrun
 15714 | D:13     | 15714 ||| INVOKING Heroism.
 15715 | D:13     | 15715 ||| INVOKING Finesse.
 15722 | D:13     | Killed Jorgrun
 15819 | D:13     | 15819 ||| DROPPING +1 helmet.
 15820 | D:13     | 15820 ||| DROPPING ring of protection from cold.
 16112 | D:14     | 16112 ||| DROPPING +0 acid dragon scales.
 16125 | D:14     | 16125 ||| Stepping randomly (disturbance).
 16186 | D:14     | Found a gate to the Vaults.
 16538 | D:14     | 16538 ||| UPGRADING to +0 troll leather armour.
 16548 | D:14     | 16548 ||| DROPPING +2 robe of cold resistance.
 16571 | D:15     | Entered Level 15 of the Dungeon
 16572 | D:15     | 16572 ||| STAIRDANCE
 16574 | D:14     | 16574 ||| INVOKING Heroism.
 16587 | D:15     | 16587 ||| STAIRDANCE
 16609 | D:15     | 16609 ||| STAIRDANCE
 16629 | D:15     | 16629 ||| STAIRDANCE
 16641 | D:15     | Found Zas Ecoprynn's Armour Shop.
 16644 | D:15     | 16644 ||| INVOKING Heroism.
 16647 | D:15     | 16647 ||| Stepping ~*~*~tactically~*~*~ (outnumbered).
 16649 | D:15     | 16649 ||| Stepping ~*~*~tactically~*~*~ (outnumbered).
 16654 | D:15     | Reached skill level 6 in Armour
 16660 | D:15     | 16660 ||| RETREATING.
 16661 | D:15     | 16661 ||| Stepping ~*~*~tactically~*~*~ (retreating).
 16662 | D:15     | 16662 ||| Stepping ~*~*~tactically~*~*~ (retreating).
 16663 | D:15     | 16663 ||| Stepping ~*~*~tactically~*~*~ (retreating).
 16664 | D:15     | 16664 ||| Stepping ~*~*~tactically~*~*~ (retreating).
 16665 | D:15     | 16665 ||| Stepping ~*~*~tactically~*~*~ (retreating).
 16666 | D:15     | 16666 ||| Stepping ~*~*~tactically~*~*~ (retreating).
 16671 | D:15     | Identified the +0 buckler of Twilight {Harm Dex+2} (Okawaru
                  | gifted it to you on level 15 of the Dungeon)
 16671 | D:15     | Received a gift from Okawaru
 16671 | D:15     | Reached ****** piety under Okawaru
 16680 | D:15     | 16680 ||| BUYING +3 leather armour of fire resistance (480
                  | gold).
 16680 | D:15     | Bought a +3 leather armour of fire resistance for 480 gold
                  | pieces
 16738 | D:15     | 16738 ||| RETREATING.
 16741 | D:15     | 16741 ||| Stepping ~*~*~tactically~*~*~ (retreating).
 16742 | D:15     | 16742 ||| Stepping ~*~*~tactically~*~*~ (retreating).
 16768 | D:15     | Noticed Rupert
 16769 | D:15     | 16769 ||| INVOKING Heroism.
 16770 | D:15     | 16770 ||| INVOKING Finesse.
 16774 | D:15     | Killed Rupert
 16958 | D:15     | 16958 ||| RETREATING.
 17154 | D:15     | Reached skill level 16 in Fighting
 17154 | D:15     | Reached XP level 16. HP: 110/110 MP: 23/23
 17156 | D:15     | 17156 ||| INVOKING Heroism.
 17157 | D:15     | 17157 ||| INVOKING Finesse.
 17200 | D:15     | Found a staircase to the Depths.
 17293 | D:15     | 17293 ||| PLANNING ORC
 17293 | D:15     | 17293 ||| UPGRADING to +3 leather armour of fire
                  | resistance.
 17303 | D:15     | 17303 ||| DROPPING +1 robe of fire resistance.
 17423 | Orc:1    | Entered Level 1 of the Orcish Mines
 17485 | Orc:1    | 17485 ||| DRINKING 9 potions of curing.
 17485 | Orc:1    | 17485 ||| (to cure confusion)
 17497 | Orc:1    | 17497 ||| Stepping ~*~*~tactically~*~*~ (outnumbered).
 17498 | Orc:1    | 17498 ||| Stepping ~*~*~tactically~*~*~ (outnumbered).
 17499 | Orc:1    | 17499 ||| Stepping ~*~*~tactically~*~*~ (outnumbered).
 17500 | Orc:1    | 17500 ||| Stepping ~*~*~tactically~*~*~ (outnumbered).
 17501 | Orc:1    | 17501 ||| Stepping ~*~*~tactically~*~*~ (outnumbered).
 17502 | Orc:1    | 17502 ||| Stepping ~*~*~tactically~*~*~ (outnumbered).
 17503 | Orc:1    | 17503 ||| Stepping ~*~*~tactically~*~*~ (outnumbered).
 17504 | Orc:1    | 17504 ||| Stepping ~*~*~tactically~*~*~ (outnumbered).
 17505 | Orc:1    | 17505 ||| Stepping ~*~*~tactically~*~*~ (outnumbered).
 17506 | Orc:1    | 17506 ||| Stepping ~*~*~tactically~*~*~ (outnumbered).
 17507 | Orc:1    | 17507 ||| Stepping ~*~*~tactically~*~*~ (outnumbered).
 17508 | Orc:1    | 17508 ||| Stepping ~*~*~tactically~*~*~ (outnumbered).
 17573 | Orc:1    | 17573 ||| Stepping ~*~*~tactically~*~*~ (outnumbered).
 17574 | Orc:1    | 17574 ||| Stepping ~*~*~tactically~*~*~ (outnumbered).
 17613 | Orc:1    | 17613 ||| INVOKING Heroism.
 17614 | Orc:1    | 17614 ||| RETREATING.
 17624 | Orc:1    | 17624 ||| Stepping ~*~*~tactically~*~*~ (retreating).
 17935 | Orc:1    | Found Wounett's Jewellery Boutique.
 17940 | Orc:1    | 17940 ||| BUYING brooch of Shielding {Spirit SH+8} (1105
                  | gold).
 17940 | Orc:1    | Bought the brooch of Shielding {Spirit SH+8} for 1105 gold
                  | pieces
 17940 | Orc:1    | Found the brooch of Shielding {Spirit SH+8}
 17946 | Orc:1    | Found a burning altar of Makhleb.
 17995 | Orc:1    | 17995 ||| INVOKING Heroism.
 18001 | Orc:1    | 18001 ||| Stepping ~*~*~tactically~*~*~ (retreating).
 18002 | Orc:1    | 18002 ||| Stepping ~*~*~tactically~*~*~ (retreating).
 18003 | Orc:1    | 18003 ||| Stepping ~*~*~tactically~*~*~ (retreating).
 18004 | Orc:1    | 18004 ||| Stepping ~*~*~tactically~*~*~ (retreating).
 18005 | Orc:1    | 18005 ||| Stepping ~*~*~tactically~*~*~ (retreating).
 18006 | Orc:1    | 18006 ||| Stepping ~*~*~tactically~*~*~ (retreating).
 18007 | Orc:1    | 18007 ||| Stepping ~*~*~tactically~*~*~ (retreating).
 18008 | Orc:1    | 18008 ||| Stepping ~*~*~tactically~*~*~ (outnumbered).
 18094 | Orc:2    | Entered Level 2 of the Orcish Mines
 18182 | Orc:2    | 18182 ||| Stepping ~*~*~tactically~*~*~ (outnumbered).
 18183 | Orc:2    | 18183 ||| Stepping ~*~*~tactically~*~*~ (outnumbered).
 18184 | Orc:2    | 18184 ||| Stepping ~*~*~tactically~*~*~ (outnumbered).
 18185 | Orc:2    | 18185 ||| Stepping ~*~*~tactically~*~*~ (outnumbered).
 18186 | Orc:2    | 18186 ||| Stepping ~*~*~tactically~*~*~ (outnumbered).
 18187 | Orc:2    | 18187 ||| Stepping ~*~*~tactically~*~*~ (outnumbered).
 18188 | Orc:2    | 18188 ||| Stepping ~*~*~tactically~*~*~ (outnumbered).
 18189 | Orc:2    | 18189 ||| Stepping ~*~*~tactically~*~*~ (outnumbered).
 18190 | Orc:2    | 18190 ||| Stepping ~*~*~tactically~*~*~ (outnumbered).
 18193 | Orc:2    | 18193 ||| INVOKING Heroism.
 18259 | Orc:2    | 18259 ||| Stepping ~*~*~tactically~*~*~ (outnumbered).
 18262 | Orc:2    | 18262 ||| INVOKING Heroism.
 18265 | Orc:2    | 18265 ||| RETREATING.
 18274 | Orc:2    | 18274 ||| Stepping ~*~*~tactically~*~*~ (retreating).
 18275 | Orc:2    | 18275 ||| Stepping ~*~*~tactically~*~*~ (retreating).
 18276 | Orc:2    | 18276 ||| Stepping ~*~*~tactically~*~*~ (retreating).
 18277 | Orc:2    | 18277 ||| Stepping ~*~*~tactically~*~*~ (retreating).
 18281 | Orc:2    | 18281 ||| Stepping ~*~*~tactically~*~*~ (outnumbered).
 18327 | Orc:2    | 18327 ||| FLEEEEING.
 18423 | Orc:2    | 18423 ||| Stepping ~*~*~tactically~*~*~ (outnumbered).
 18428 | Orc:2    | 18428 ||| INVOKING Heroism.
 18461 | Orc:2    | Found a dark tunnel.
 18512 | Orc:2    | 18512 ||| INVOKING Heroism.
 18599 | Orc:2    | 18599 ||| Stepping ~*~*~tactically~*~*~ (outnumbered).
 18600 | Orc:2    | 18600 ||| INVOKING Heroism.
 18604 | Orc:2    | Paralysed by an orc sorcerer for 5 turns
 18609 | Orc:2    | 18609 ||| Stepping ~*~*~tactically~*~*~ (retreating).
 18610 | Orc:2    | 18610 ||| Stepping ~*~*~tactically~*~*~ (retreating).
 18762 | Orc:2    | Found a staircase to the Elven Halls.
 18787 | Orc:2    | 18787 ||| INVOKING Heroism.
 18856 | Orc:2    | Found Rybrig's Jewellery Shoppe.
 18856 | Orc:2    | Found Voffu's Jewellery Emporium.
 18859 | Orc:2    | Found Jyitz's Antique Weapon Emporium.
 18863 | Orc:2    | Found Vostreonemp's Antique Weapon Shoppe.
 18866 | Orc:2    | 18866 ||| BUYING +5 ring of evasion (468 gold).
 18866 | Orc:2    | Bought a +5 ring of evasion for 468 gold pieces
 18866 | Orc:2    | 18866 ||| BUYING ring "Qoaqa" {rF+ Dex+8} (634 gold).
 18866 | Orc:2    | Bought the ring "Qoaqa" {rF+ Dex+8} for 634 gold pieces
 18872 | Orc:2    | 18872 ||| BUYING runed orcbow (182 gold).
 18872 | Orc:2    | Bought a runed orcbow for 182 gold pieces
 18872 | Orc:2    | 18872 ||| DROPPING +4 heavy orcbow.
 18875 | Orc:2    | 18875 ||| SHOPLISTING amulet of Vitality {RegenMP++
                  | Regen++} (1200 gold, have 26).
 19049 | Orc:2    | 19049 ||| PLANNING SNAKE:1-3
 19049 | Orc:2    | 19049 ||| UPGRADING to +5 ring of evasion.
 19051 | Orc:2    | 19051 ||| UPGRADING to ring "Qoaqa" {rF+ Dex+8}.
 19053 | Orc:2    | 19053 ||| DROPPING +4 ring of protection.
 19054 | Orc:2    | 19054 ||| DROPPING ring of protection from fire.
 19055 | Orc:2    | 19055 ||| DROPPING +5 ring of evasion.
 19247 | Snake:1  | Entered Level 1 of the Snake Pit
 19328 | Snake:1  | 19328 ||| Stepping ~*~*~tactically~*~*~ (outnumbered).
 19330 | Snake:1  | 19330 ||| Stepping ~*~*~tactically~*~*~ (outnumbered).
 19333 | Snake:1  | 19333 ||| RETREATING.
 19336 | Snake:1  | 19336 ||| Stepping ~*~*~tactically~*~*~ (outnumbered).
 19343 | Snake:1  | 19343 ||| Stepping ~*~*~tactically~*~*~ (outnumbered).
 19344 | Snake:1  | 19344 ||| INVOKING Heroism.
 19415 | Snake:1  | 19415 ||| RETREATING.
 19419 | Snake:1  | 19419 ||| INVOKING Heroism.
 19422 | Snake:1  | 19422 ||| Stepping ~*~*~tactically~*~*~ (outnumbered).
 19428 | Snake:1  | 19428 ||| Stepping ~*~*~tactically~*~*~ (outnumbered).
 19429 | Snake:1  | 19429 ||| Stepping ~*~*~tactically~*~*~ (outnumbered).
 19431 | Snake:1  | 19431 ||| Stepping ~*~*~tactically~*~*~ (outnumbered).
 19437 | Snake:1  | 19437 ||| INVOKING Heroism.
 19485 | Snake:1  | 19485 ||| SWAPPING to +0 longbow.
 19490 | Snake:1  | 19490 ||| DROPPING +9 shortbow of Yshustur {speed, Contam
                  | rN+++ Will+ rCorr}.
 19491 | Snake:1  | 19491 ||| READING scroll of enchant weapon.
 19491 | Snake:1  | 19491 ||| ENCHANTING +0 longbow.
 19500 | Snake:1  | 19500 ||| DROPPING +8 arbalest of the Ghost {penet, Will-
                  | rCorr Str+2}.
 19501 | Snake:1  | 19501 ||| READING scroll of brand weapon.
 19501 | Snake:1  | 19501 ||| BRANDING +1 longbow.
 19522 | Snake:1  | Found an ancient bone altar of Kikubaaqudgha.
 19592 | Snake:1  | Found Ruoskoz's Jewellery Shoppe.
 19593 | Snake:1  | Found Ifinyger's Book Boutique.
 19593 | Snake:1  | Found Jucaaz's Book Boutique.
 19618 | Snake:1  | 19618 ||| Stepping ~*~*~tactically~*~*~ (retreating).
 19619 | Snake:1  | 19619 ||| Stepping ~*~*~tactically~*~*~ (retreating).
 19620 | Snake:1  | 19620 ||| RETREATING.
 19621 | Snake:1  | 19621 ||| Stepping ~*~*~tactically~*~*~ (outnumbered).
 19623 | Snake:1  | 19623 ||| Stepping ~*~*~tactically~*~*~ (outnumbered).
 19624 | Snake:1  | 19624 ||| INVOKING Heroism.
 19632 | Snake:1  | 19632 ||| Stepping ~*~*~tactically~*~*~ (outnumbered).
 19641 | Snake:1  | 19641 ||| Stepping ~*~*~tactically~*~*~ (retreating).
 19642 | Snake:1  | 19642 ||| Stepping ~*~*~tactically~*~*~ (retreating).
 19643 | Snake:1  | 19643 ||| Stepping ~*~*~tactically~*~*~ (retreating).
 19644 | Snake:1  | 19644 ||| Stepping ~*~*~tactically~*~*~ (retreating).
 19645 | Snake:1  | 19645 ||| Stepping ~*~*~tactically~*~*~ (retreating).
 19665 | Snake:1  | 19665 ||| RETREATING.
 20118 | Snake:2  | Noticed Asterion
 20119 | Snake:2  | 20119 ||| INVOKING Heroism.
 20120 | Snake:2  | 20120 ||| INVOKING Finesse.
 20121 | Snake:2  | 20121 ||| RETREATING.
 20129 | Snake:2  | 20129 ||| Stepping ~*~*~tactically~*~*~ (retreating).
 20138 | Snake:2  | Killed Asterion
 20166 | Snake:2  | Identified the +3 kite shield of Generosity {rElec rPois
                  | rCorr} (Okawaru gifted it to you on level 2 of the Snake
                  | Pit)
 20166 | Snake:2  | Received a gift from Okawaru
 20264 | Snake:2  | 20264 ||| INVOKING Heroism.
 20310 | Snake:2  | 20310 ||| Stepping ~*~*~tactically~*~*~ (outnumbered).
 20312 | Snake:2  | 20312 ||| Stepping ~*~*~tactically~*~*~ (outnumbered).
 20314 | Snake:2  | 20314 ||| Stepping ~*~*~tactically~*~*~ (outnumbered).
 20316 | Snake:2  | 20316 ||| Stepping ~*~*~tactically~*~*~ (outnumbered).
 20318 | Snake:2  | 20318 ||| Stepping ~*~*~tactically~*~*~ (outnumbered).
 20320 | Snake:2  | 20320 ||| Stepping ~*~*~tactically~*~*~ (outnumbered).
 20322 | Snake:2  | 20322 ||| Stepping ~*~*~tactically~*~*~ (outnumbered).
 20323 | Snake:2  | Noticed Vashnia
 20324 | Snake:2  | 20324 ||| Stepping ~*~*~tactically~*~*~ (outnumbered).
 20326 | Snake:2  | 20326 ||| Stepping ~*~*~tactically~*~*~ (outnumbered).
 20328 | Snake:2  | 20328 ||| Stepping ~*~*~tactically~*~*~ (outnumbered).
 20330 | Snake:2  | 20330 ||| RETREATING.
 20333 | Snake:2  | 20333 ||| INVOKING Heroism.
 20334 | Snake:2  | 20334 ||| INVOKING Finesse.
 20351 | Snake:2  | 20351 ||| RETREATING.
 20353 | Snake:2  | 20353 ||| Stepping ~*~*~tactically~*~*~ (retreating).
 20375 | Snake:2  | 20375 ||| Stepping ~*~*~tactically~*~*~ (outnumbered).
 20391 | Snake:2  | Killed Vashnia
 20508 | Snake:2  | Reached XP level 17. HP: 106/116 MP: 24/24
 20963 | Snake:3  | 20963 ||| STAIRDANCE
 21121 | Snake:3  | 21121 ||| Stepping ~*~*~tactically~*~*~ (outnumbered).
 21123 | Snake:3  | 21123 ||| Stepping ~*~*~tactically~*~*~ (outnumbered).
 21125 | Snake:3  | 21125 ||| RETREATING.
 21137 | Snake:3  | Reached skill level 12 in Dodging
 21205 | Snake:3  | 21205 ||| RETREATING.
 21207 | Snake:3  | 21207 ||| Stepping ~*~*~tactically~*~*~ (outnumbered).
 21212 | Snake:3  | 21212 ||| RETREATING.
 21215 | Snake:3  | 21215 ||| Stepping ~*~*~tactically~*~*~ (outnumbered).
 21216 | Snake:3  | 21216 ||| Stepping ~*~*~tactically~*~*~ (outnumbered).
 21218 | Snake:3  | 21218 ||| RETREATING.
 21225 | Snake:3  | 21225 ||| Stepping ~*~*~tactically~*~*~ (retreating).
 21226 | Snake:3  | 21226 ||| Stepping ~*~*~tactically~*~*~ (retreating).
 21227 | Snake:3  | 21227 ||| Stepping ~*~*~tactically~*~*~ (retreating).
 21228 | Snake:3  | 21228 ||| Stepping ~*~*~tactically~*~*~ (retreating).
 21229 | Snake:3  | 21229 ||| Stepping ~*~*~tactically~*~*~ (retreating).
 21230 | Snake:3  | 21230 ||| Stepping ~*~*~tactically~*~*~ (retreating).
 21231 | Snake:3  | 21231 ||| Stepping ~*~*~tactically~*~*~ (retreating).
 21232 | Snake:3  | 21232 ||| Stepping ~*~*~tactically~*~*~ (retreating).
 21234 | Snake:3  | 21234 ||| Stepping ~*~*~tactically~*~*~ (retreating).
 21235 | Snake:3  | 21235 ||| INVOKING Heroism.
 21292 | Snake:3  | 21292 ||| INVOKING Heroism.
 21522 | Snake:3  | 21522 ||| FLEEEEING.
 21752 | Snake:3  | 21752 ||| PLANNING SWAMP:1-3
 21752 | Snake:3  | 21752 ||| READING 10 scrolls of identify.
 21752 | Snake:3  | 21752 ||| IDENTIFYING fizzy orange potion
 21842 | Swamp:1  | Entered Level 1 of the Swamp
 21844 | Swamp:1  | Found a bloodstained altar of Trog.
 21876 | Swamp:1  | 21876 ||| Stepping ~*~*~tactically~*~*~ (cloud).
 21939 | Swamp:1  | Noticed a kraken
 21956 | Swamp:1  | Killed a kraken
 22219 | Swamp:1  | Reached skill level 17 in Fighting
 22363 | Swamp:1  | Noticed qw's ghost (adept GrHu)
 22364 | Swamp:1  | Found a transporter.
 22383 | Swamp:1  | Found a transporter.
 22429 | Swamp:2  | Noticed Donald
 22430 | Swamp:2  | 22430 ||| INVOKING Heroism.
 22431 | Swamp:2  | 22431 ||| INVOKING Finesse.
 22438 | Swamp:2  | Noticed Aizul
 22439 | Swamp:2  | 22439 ||| RETREATING.
 22440 | Swamp:2  | Found a runed translucent gate.
 22442 | Swamp:2  | Killed Donald
 22478 | Swamp:2  | Found a runed translucent gate.
 22589 | Swamp:2  | 22589 ||| INVOKING Heroism.
 22590 | Swamp:2  | 22590 ||| INVOKING Finesse.
 22603 | Swamp:2  | Killed Aizul
 22653 | Swamp:2  | Identified the +1 scale mail "Uhizova" {rN+ Int-2 Dex+4}
 22696 | Swamp:2  | Found a runed translucent gate.
 22699 | Swamp:2  | Noticed pleonasm's ghost (adept OgBe)
 22700 | Swamp:2  | Noticed qw's ghost (adept GrHu)
 22826 | Swamp:2  | 22826 ||| FLEEEEING.
 22827 | Swamp:2  | 22827 ||| FLEEEEING.
 22876 | Swamp:2  | Identified the staff of the Unseen Realm {rN+ Str+3 Necro}
 23063 | Swamp:3  | 23063 ||| RETREATING.
 23065 | Swamp:3  | 23065 ||| INVOKING Heroism.
 23121 | Swamp:3  | 23121 ||| INVOKING Heroism.
 23163 | Swamp:3  | Noticed a tentacled monstrosity
 23164 | Swamp:3  | 23164 ||| INVOKING Heroism.
 23177 | Swamp:3  | Killed a tentacled monstrosity
 23263 | Swamp:3  | Reached skill level 18 in Fighting
 23354 | Swamp:3  | 23354 ||| INVOKING Heroism.
 23355 | Swamp:3  | Paralysed by a fenstrider witch for 4 turns
 23365 | Swamp:3  | 23365 ||| RETREATING.
 23465 | Swamp:3  | Noticed Mara
 23466 | Swamp:3  | 23466 ||| INVOKING Heroism.
 23467 | Swamp:3  | 23467 ||| INVOKING Finesse.
 23468 | Swamp:3  | 23468 ||| RETREATING.
 23471 | Swamp:3  | Noticed qw's illusion
 23471 | Swamp:3  | 23471 ||| RETREATING.
 23473 | Swamp:3  | 23473 ||| Stepping ~*~*~tactically~*~*~ (outnumbered).
 23502 | Swamp:3  | Noticed qw's illusion
 23511 | Swamp:3  | 23511 ||| Stepping ~*~*~tactically~*~*~ (outnumbered).
 23803 | Swamp:3  | 23803 ||| RETREATING.
 23814 | Swamp:3  | 23814 ||| Stepping ~*~*~tactically~*~*~ (retreating).
 23815 | Swamp:3  | 23815 ||| Stepping ~*~*~tactically~*~*~ (retreating).
 23816 | Swamp:3  | 23816 ||| Stepping ~*~*~tactically~*~*~ (retreating).
 23818 | Swamp:3  | 23818 ||| INVOKING Heroism.
 23820 | Swamp:3  | 23820 ||| RETREATING.
 23821 | Swamp:3  | 23821 ||| Stepping ~*~*~tactically~*~*~ (outnumbered).
 23828 | Swamp:3  | 23828 ||| Stepping ~*~*~tactically~*~*~ (retreating).
 23829 | Swamp:3  | Noticed qw's illusion
 23829 | Swamp:3  | 23829 ||| Stepping ~*~*~tactically~*~*~ (retreating).
 23830 | Swamp:3  | 23830 ||| Stepping ~*~*~tactically~*~*~ (retreating).
 23831 | Swamp:3  | 23831 ||| Stepping ~*~*~tactically~*~*~ (retreating).
 23832 | Swamp:3  | 23832 ||| Stepping ~*~*~tactically~*~*~ (retreating).
 23839 | Swamp:3  | 23839 ||| Stepping ~*~*~tactically~*~*~ (retreating).
 23859 | Swamp:3  | Noticed qw's illusion
 23861 | Swamp:3  | Killed Mara
 23862 | Swamp:3  | Reached XP level 18. HP: 80/125 MP: 25/25
 24109 | Swamp:3  | 24109 ||| PLANNING SNAKE:4
 24251 | Snake:4  | Entered Level 4 of the Snake Pit
 24319 | Snake:4  | 24319 ||| Stepping ~*~*~tactically~*~*~ (outnumbered).
 24321 | Snake:4  | 24321 ||| Stepping ~*~*~tactically~*~*~ (outnumbered).
 24323 | Snake:4  | 24323 ||| Stepping ~*~*~tactically~*~*~ (outnumbered).
 24326 | Snake:4  | 24326 ||| Stepping ~*~*~tactically~*~*~ (outnumbered).
 24338 | Snake:4  | 24338 ||| RETREATING.
 24341 | Snake:4  | 24341 ||| INVOKING Heroism.
 24355 | Snake:4  | 24355 ||| Stepping ~*~*~tactically~*~*~ (retreating).
 24362 | Snake:4  | 24362 ||| Stepping ~*~*~tactically~*~*~ (outnumbered).
 24364 | Snake:4  | 24364 ||| Stepping ~*~*~tactically~*~*~ (outnumbered).
 24369 | Snake:4  | 24369 ||| INVOKING Heroism.
 24411 | Snake:4  | 24411 ||| Stepping ~*~*~tactically~*~*~ (outnumbered).
 24464 | Snake:4  | 24464 ||| Stepping ~*~*~tactically~*~*~ (outnumbered).
 24465 | Snake:4  | 24465 ||| Stepping ~*~*~tactically~*~*~ (outnumbered).
 24466 | Snake:4  | 24466 ||| Stepping ~*~*~tactically~*~*~ (outnumbered).
 24468 | Snake:4  | 24468 ||| Stepping ~*~*~tactically~*~*~ (outnumbered).
 24469 | Snake:4  | 24469 ||| Stepping ~*~*~tactically~*~*~ (outnumbered).
 24472 | Snake:4  | 24472 ||| RETREATING.
 24473 | Snake:4  | 24473 ||| Stepping ~*~*~tactically~*~*~ (outnumbered).
 24480 | Snake:4  | 24480 ||| RETREATING.
 24481 | Snake:4  | 24481 ||| INVOKING Heroism.
 24484 | Snake:4  | 24484 ||| Stepping ~*~*~tactically~*~*~ (retreating).
 24486 | Snake:4  | 24486 ||| Stepping ~*~*~tactically~*~*~ (retreating).
 24487 | Snake:4  | 24487 ||| Stepping ~*~*~tactically~*~*~ (retreating).
 24488 | Snake:4  | 24488 ||| Stepping ~*~*~tactically~*~*~ (retreating).
 24489 | Snake:4  | 24489 ||| Stepping ~*~*~tactically~*~*~ (retreating).
 24503 | Snake:4  | 24503 ||| RETREATING.
 24512 | Snake:4  | 24512 ||| RETREATING.
 24520 | Snake:4  | 24520 ||| RETREATING.
 24524 | Snake:4  | 24524 ||| Stepping ~*~*~tactically~*~*~ (retreating).
 24525 | Snake:4  | 24525 ||| Stepping ~*~*~tactically~*~*~ (retreating).
 24526 | Snake:4  | 24526 ||| Stepping ~*~*~tactically~*~*~ (retreating).
 24527 | Snake:4  | 24527 ||| Stepping ~*~*~tactically~*~*~ (outnumbered).
 24572 | Snake:4  | 24572 ||| FLEEEEING.
 24574 | Snake:4  | 24574 ||| FLEEEEING.
 24592 | Snake:4  | 24592 ||| FLEEEEING.
 24593 | Snake:4  | 24593 ||| FLEEEEING.
 24594 | Snake:4  | 24594 ||| FLEEEEING.
 24650 | Snake:4  | 24650 ||| RETREATING.
 24661 | Snake:4  | 24661 ||| Stepping ~*~*~tactically~*~*~ (outnumbered).
 24662 | Snake:4  | 24662 ||| Stepping ~*~*~tactically~*~*~ (outnumbered).
 24664 | Snake:4  | Reached skill level 9 in Armour
 24780 | Snake:4  | Received a gift from Okawaru
 24780 | Snake:4  | Found the +8 frozen axe "Frostbite" {freeze, freezing
                  | cloud, *Noise Fly rC+}
 24784 | Snake:4  | 24784 ||| Stepping ~*~*~tactically~*~*~ (outnumbered).
 24786 | Snake:4  | 24786 ||| Stepping ~*~*~tactically~*~*~ (retreating).
 24787 | Snake:4  | 24787 ||| Stepping ~*~*~tactically~*~*~ (retreating).
 24788 | Snake:4  | 24788 ||| Stepping ~*~*~tactically~*~*~ (retreating).
 24789 | Snake:4  | 24789 ||| Stepping ~*~*~tactically~*~*~ (retreating).
 24790 | Snake:4  | 24790 ||| Stepping ~*~*~tactically~*~*~ (retreating).
 24881 | Snake:4  | 24881 ||| Stepping ~*~*~tactically~*~*~ (outnumbered).
 24928 | Snake:4  | 24928 ||| Stepping ~*~*~tactically~*~*~ (outnumbered).
 24930 | Snake:4  | 24930 ||| Stepping ~*~*~tactically~*~*~ (outnumbered).
 24932 | Snake:4  | 24932 ||| Stepping ~*~*~tactically~*~*~ (outnumbered).
 24934 | Snake:4  | 24934 ||| Stepping ~*~*~tactically~*~*~ (outnumbered).
 24937 | Snake:4  | 24937 ||| Stepping ~*~*~tactically~*~*~ (outnumbered).
 24938 | Snake:4  | 24938 ||| Stepping ~*~*~tactically~*~*~ (outnumbered).
 24940 | Snake:4  | 24940 ||| Stepping ~*~*~tactically~*~*~ (outnumbered).
 25034 | Snake:4  | 25034 ||| RETREATING.
 25036 | Snake:4  | 25036 ||| Stepping ~*~*~tactically~*~*~ (retreating).
 25037 | Snake:4  | 25037 ||| INVOKING Heroism.
 25038 | Snake:4  | 25038 ||| Stepping ~*~*~tactically~*~*~ (retreating).
 25040 | Snake:4  | 25040 ||| Stepping ~*~*~tactically~*~*~ (outnumbered).
 25100 | Snake:4  | 25100 ||| RETREATING.
 25147 | Snake:4  | 25147 ||| INVOKING Heroism.
 25154 | Snake:4  | Reached skill level 19 in Fighting
 25175 | Snake:4  | 25175 ||| RETREATING.
 25212 | Snake:4  | 25212 ||| INVOKING Heroism.
 25271 | Snake:4  | Got a serpentine rune of Zot
 25353 | Snake:4  | 25353 ||| RETREATING.
 25354 | Snake:4  | 25354 ||| RETREATING.
 25363 | Snake:4  | 25363 ||| Stepping ~*~*~tactically~*~*~ (retreating).
 25548 | Snake:4  | 25548 ||| PLANNING VAULTS:1-4
 25772 | Vaults:1 | Entered Level 1 of the Vaults
 25812 | Vaults:1 | 25812 ||| Stepping ~*~*~tactically~*~*~ (outnumbered).
 25853 | Vaults:1 | 25853 ||| RETREATING.
 25855 | Vaults:1 | 25855 ||| INVOKING Finesse.
 25868 | Vaults:1 | 25868 ||| Stepping ~*~*~tactically~*~*~ (retreating).
 26097 | Vaults:1 | 26097 ||| RETREATING.
 26117 | Vaults:1 | 26117 ||| INVOKING Heroism.
 26118 | Vaults:1 | 26118 ||| INVOKING Finesse.
 26125 | Vaults:1 | Reached skill level 15 in Dodging
 26202 | Vaults:1 | Found Tugojeh's Book Shoppe.
 26243 | Vaults:1 | 26243 ||| Stepping ~*~*~tactically~*~*~ (retreating).
 26346 | Vaults:1 | 26346 ||| Stepping ~*~*~tactically~*~*~ (outnumbered).
 26348 | Vaults:1 | 26348 ||| Stepping ~*~*~tactically~*~*~ (outnumbered).
 26350 | Vaults:1 | 26350 ||| Stepping ~*~*~tactically~*~*~ (outnumbered).
 26412 | Vaults:1 | 26412 ||| RETREATING.
 26521 | Vaults:1 | Received a gift from Okawaru
 26523 | Vaults:1 | 26523 ||| DROPPING +1 orcbow of draining.
 26531 | Vaults:1 | 26531 ||| READING 2 scrolls labelled LETEJET LYREO.
 26532 | Vaults:1 | 26532 ||| DROPPING scroll of poison.
 26534 | Vaults:1 | 26534 ||| INVOKING Heroism.
 26535 | Vaults:1 | 26535 ||| INVOKING Finesse.
 26543 | Vaults:1 | 26543 ||| Stepping ~*~*~tactically~*~*~ (retreating).
 26561 | Vaults:1 | Reached XP level 19. HP: 134/134 MP: 20/26
 26599 | Vaults:1 | 26599 ||| Stepping ~*~*~tactically~*~*~ (retreating).
 26604 | Vaults:1 | 26604 ||| Stepping ~*~*~tactically~*~*~ (retreating).
 26605 | Vaults:1 | 26605 ||| Stepping ~*~*~tactically~*~*~ (retreating).
 26606 | Vaults:1 | 26606 ||| Stepping ~*~*~tactically~*~*~ (retreating).
 26607 | Vaults:1 | 26607 ||| RETREATING.
 26672 | Vaults:1 | 26672 ||| Stepping ~*~*~tactically~*~*~ (retreating).
 26674 | Vaults:1 | 26674 ||| Stepping ~*~*~tactically~*~*~ (retreating).
 26675 | Vaults:1 | 26675 ||| Stepping ~*~*~tactically~*~*~ (retreating).
 26676 | Vaults:1 | 26676 ||| Stepping ~*~*~tactically~*~*~ (retreating).
 26700 | Vaults:1 | Reached skill level 20 in Fighting
 26777 | Vaults:1 | 26777 ||| RETREATING.
 26787 | Vaults:1 | 26787 ||| Stepping ~*~*~tactically~*~*~ (retreating).
 26802 | Vaults:1 | 26802 ||| Stepping ~*~*~tactically~*~*~ (retreating).
 26806 | Vaults:1 | 26806 ||| Stepping ~*~*~tactically~*~*~ (retreating).
 26807 | Vaults:1 | 26807 ||| Stepping ~*~*~tactically~*~*~ (retreating).
 26808 | Vaults:1 | 26808 ||| Stepping ~*~*~tactically~*~*~ (retreating).
 26809 | Vaults:1 | 26809 ||| Stepping ~*~*~tactically~*~*~ (retreating).
 26810 | Vaults:1 | 26810 ||| Stepping ~*~*~tactically~*~*~ (retreating).
 26811 | Vaults:1 | 26811 ||| Stepping ~*~*~tactically~*~*~ (retreating).
 26812 | Vaults:1 | 26812 ||| Stepping ~*~*~tactically~*~*~ (retreating).
 27061 | Vaults:1 | 27061 ||| RETREATING.
 27063 | Vaults:1 | 27063 ||| Stepping ~*~*~tactically~*~*~ (retreating).
 27079 | Vaults:1 | 27079 ||| INVOKING Heroism.
 27300 | Vaults:1 | 27300 ||| RETREATING.
 27311 | Vaults:1 | Received a gift from Okawaru
 27326 | Vaults:1 | 27326 ||| Stepping ~*~*~tactically~*~*~ (retreating).
 27327 | Vaults:1 | 27327 ||| Stepping ~*~*~tactically~*~*~ (retreating).
 27328 | Vaults:1 | 27328 ||| Stepping ~*~*~tactically~*~*~ (retreating).
 27329 | Vaults:1 | 27329 ||| Stepping ~*~*~tactically~*~*~ (retreating).
 27356 | Vaults:1 | 27356 ||| INVOKING Heroism.
 27357 | Vaults:1 | 27357 ||| INVOKING Finesse.
 27656 | Vaults:2 | Noticed Norris
 27657 | Vaults:2 | 27657 ||| Stepping ~*~*~tactically~*~*~ (retreating).
 27658 | Vaults:2 | 27658 ||| Stepping ~*~*~tactically~*~*~ (retreating).
 27659 | Vaults:2 | 27659 ||| Stepping ~*~*~tactically~*~*~ (retreating).
 27666 | Vaults:2 | 27666 ||| INVOKING Heroism.
 27670 | Vaults:2 | 27670 ||| DRINKING 11 potions of curing.
 27670 | Vaults:2 | 27670 ||| (to cure confusion)
 27681 | Vaults:2 | 27681 ||| DRINKING 10 potions of curing.
 27681 | Vaults:2 | 27681 ||| (to cure confusion)
 27683 | Vaults:2 | 27683 ||| Stepping ~*~*~tactically~*~*~ (retreating).
 27685 | Vaults:2 | Killed Norris
 27695 | Vaults:2 | 27695 ||| Stepping ~*~*~tactically~*~*~ (retreating).
 27975 | Vaults:2 | Found Nastriefo's Antique Weapon Emporium.
 27993 | Vaults:2 | 27993 ||| Stepping ~*~*~tactically~*~*~ (retreating).
 27994 | Vaults:2 | 27994 ||| Stepping ~*~*~tactically~*~*~ (retreating).
 28051 | Vaults:2 | Found a staircase to the Crypt.
 28092 | Vaults:2 | 28092 ||| Stepping ~*~*~tactically~*~*~ (outnumbered).
 28162 | Vaults:2 | 28162 ||| FLEEEEING.
 28163 | Vaults:2 | 28163 ||| FLEEEEING.
 28164 | Vaults:2 | 28164 ||| FLEEEEING.
 28165 | Vaults:2 | 28165 ||| RETREATING.
 28166 | Vaults:2 | 28166 ||| FLEEEEING.
 28168 | Vaults:2 | 28168 ||| FLEEEEING.
 28169 | Vaults:2 | 28169 ||| FLEEEEING.
 28170 | Vaults:2 | 28170 ||| FLEEEEING.
 28171 | Vaults:2 | 28171 ||| FLEEEEING.
 28172 | Vaults:2 | 28172 ||| FLEEEEING.
 28173 | Vaults:2 | 28173 ||| FLEEEEING.
 28174 | Vaults:2 | 28174 ||| FLEEEEING.
 28175 | Vaults:2 | 28175 ||| FLEEEEING.
 28176 | Vaults:2 | 28176 ||| FLEEEEING.
 28177 | Vaults:2 | 28177 ||| FLEEEEING.
 28178 | Vaults:2 | 28178 ||| FLEEEEING.
 28179 | Vaults:2 | 28179 ||| FLEEEEING.
 28180 | Vaults:2 | 28180 ||| FLEEEEING.
 28181 | Vaults:2 | 28181 ||| FLEEEEING.
 28182 | Vaults:2 | 28182 ||| FLEEEEING.
 28183 | Vaults:2 | 28183 ||| FLEEEEING.
 28184 | Vaults:2 | 28184 ||| FLEEEEING.
 28185 | Vaults:2 | 28185 ||| FLEEEEING.
 28186 | Vaults:2 | 28186 ||| FLEEEEING.
 28190 | Vaults:2 | 28190 ||| FLEEEEING.
 28191 | Vaults:2 | 28191 ||| FLEEEEING.
 28192 | Vaults:2 | 28192 ||| FLEEEEING.
 28193 | Vaults:2 | 28193 ||| FLEEEEING.
 28194 | Vaults:2 | 28194 ||| FLEEEEING.
 28195 | Vaults:2 | 28195 ||| FLEEEEING.
 28196 | Vaults:2 | 28196 ||| FLEEEEING.
 28197 | Vaults:2 | 28197 ||| FLEEEEING.
 28198 | Vaults:2 | 28198 ||| FLEEEEING.
 28199 | Vaults:2 | 28199 ||| FLEEEEING.
 28200 | Vaults:2 | 28200 ||| FLEEEEING.
 28201 | Vaults:2 | 28201 ||| FLEEEEING.
 28202 | Vaults:2 | 28202 ||| FLEEEEING.
 28203 | Vaults:2 | 28203 ||| FLEEEEING.
 28204 | Vaults:2 | 28204 ||| FLEEEEING.
 28205 | Vaults:2 | 28205 ||| FLEEEEING.
 28206 | Vaults:2 | 28206 ||| FLEEEEING.
 28207 | Vaults:2 | 28207 ||| FLEEEEING.
 28208 | Vaults:2 | 28208 ||| FLEEEEING.
 28230 | Vaults:2 | 28230 ||| FLEEEEING.
 28231 | Vaults:2 | 28231 ||| FLEEEEING.
 28232 | Vaults:2 | 28232 ||| FLEEEEING.
 28233 | Vaults:2 | 28233 ||| FLEEEEING.
 28234 | Vaults:2 | 28234 ||| FLEEEEING.
 28235 | Vaults:2 | 28235 ||| FLEEEEING.
 28236 | Vaults:2 | 28236 ||| FLEEEEING.
 28237 | Vaults:2 | 28237 ||| FLEEEEING.
 28238 | Vaults:2 | 28238 ||| FLEEEEING.
 28239 | Vaults:2 | 28239 ||| FLEEEEING.
 28240 | Vaults:2 | 28240 ||| FLEEEEING.
 28241 | Vaults:2 | 28241 ||| FLEEEEING.
 28242 | Vaults:2 | 28242 ||| FLEEEEING.
 28243 | Vaults:2 | 28243 ||| FLEEEEING.
 28244 | Vaults:2 | 28244 ||| FLEEEEING.
 28245 | Vaults:2 | 28245 ||| FLEEEEING.
 28246 | Vaults:2 | 28246 ||| FLEEEEING.
 28247 | Vaults:2 | 28247 ||| FLEEEEING.
 28248 | Vaults:2 | 28248 ||| FLEEEEING.
 28249 | Vaults:2 | 28249 ||| FLEEEEING.
 28250 | Vaults:2 | 28250 ||| FLEEEEING.
 28251 | Vaults:2 | 28251 ||| FLEEEEING.
 28253 | Vaults:2 | 28253 ||| FLEEEEING.
 28254 | Vaults:2 | 28254 ||| FLEEEEING.
 28255 | Vaults:2 | 28255 ||| FLEEEEING.
 28256 | Vaults:2 | 28256 ||| FLEEEEING.
 28257 | Vaults:2 | 28257 ||| FLEEEEING.
 28258 | Vaults:2 | 28258 ||| FLEEEEING.
 28259 | Vaults:2 | 28259 ||| FLEEEEING.
 28260 | Vaults:2 | 28260 ||| FLEEEEING.
 28261 | Vaults:2 | 28261 ||| FLEEEEING.
 28262 | Vaults:2 | 28262 ||| FLEEEEING.
 28263 | Vaults:2 | 28263 ||| FLEEEEING.
 28264 | Vaults:2 | 28264 ||| FLEEEEING.
 28265 | Vaults:2 | 28265 ||| FLEEEEING.
 28266 | Vaults:2 | 28266 ||| FLEEEEING.
 28267 | Vaults:2 | 28267 ||| FLEEEEING.
 28268 | Vaults:2 | 28268 ||| FLEEEEING.
 28269 | Vaults:2 | 28269 ||| FLEEEEING.
 28270 | Vaults:2 | 28270 ||| FLEEEEING.
 28271 | Vaults:2 | 28271 ||| FLEEEEING.
 28272 | Vaults:2 | 28272 ||| FLEEEEING.
 28273 | Vaults:2 | 28273 ||| FLEEEEING.
 28274 | Vaults:2 | 28274 ||| FLEEEEING.
 28275 | Vaults:2 | 28275 ||| FLEEEEING.
 28276 | Vaults:2 | 28276 ||| FLEEEEING.
 28277 | Vaults:2 | 28277 ||| FLEEEEING.
 28278 | Vaults:2 | 28278 ||| FLEEEEING.
 28279 | Vaults:2 | 28279 ||| FLEEEEING.
 28280 | Vaults:2 | 28280 ||| FLEEEEING.
 28281 | Vaults:2 | 28281 ||| FLEEEEING.
 28282 | Vaults:2 | 28282 ||| FLEEEEING.
 28283 | Vaults:2 | 28283 ||| FLEEEEING.
 28284 | Vaults:2 | 28284 ||| FLEEEEING.
 28285 | Vaults:2 | 28285 ||| FLEEEEING.
 28286 | Vaults:2 | 28286 ||| FLEEEEING.
 28293 | Vaults:2 | 28293 ||| FLEEEEING.
 28294 | Vaults:2 | 28294 ||| FLEEEEING.
 28295 | Vaults:2 | 28295 ||| STAIRDANCE
 28399 | Vaults:2 | 28399 ||| STAIRDANCE
 28407 | Vaults:2 | 28407 ||| Stepping ~*~*~tactically~*~*~ (outnumbered).
 28419 | Vaults:2 | 28419 ||| Stepping ~*~*~tactically~*~*~ (retreating).
 28428 | Vaults:2 | 28428 ||| Stepping ~*~*~tactically~*~*~ (outnumbered).
 28429 | Vaults:2 | 28429 ||| Stepping ~*~*~tactically~*~*~ (retreating).
 28430 | Vaults:2 | 28430 ||| Stepping ~*~*~tactically~*~*~ (retreating).
 28431 | Vaults:2 | 28431 ||| Stepping ~*~*~tactically~*~*~ (retreating).
 28432 | Vaults:2 | 28432 ||| Stepping ~*~*~tactically~*~*~ (outnumbered).
 28436 | Vaults:2 | Noticed Frederick
 28437 | Vaults:2 | 28437 ||| INVOKING Heroism.
 28438 | Vaults:2 | 28438 ||| INVOKING Finesse.
 28463 | Vaults:2 | Killed Frederick
 28465 | Vaults:2 | Identified the +2 hat "Duhag" {Str+6} (Okawaru gifted it to
                  | you on level 2 of the Vaults)
 28465 | Vaults:2 | Received a gift from Okawaru
 28736 | Vaults:2 | Identified the +3 halberd of Fortitude {freeze, Str+3}
 28743 | Vaults:2 | 28743 ||| INVOKING Heroism.
 28873 | Vaults:2 | 28873 ||| RETREATING.
 29224 | Vaults:2 | Noticed an ancient lich
 29226 | Vaults:2 | 29226 ||| RETREATING.
 29233 | Vaults:2 | 29233 ||| INVOKING Heroism.
 29234 | Vaults:2 | 29234 ||| INVOKING Finesse.
 29250 | Vaults:2 | Killed an ancient lich
 29616 | Vaults:2 | 29616 ||| RETREATING.
 29620 | Vaults:2 | Reached skill level 21 in Fighting
 29965 | Vaults:2 | Reached XP level 20. HP: 129/144 MP: 27/27
 30036 | Vaults:2 | 30036 ||| Stepping ~*~*~tactically~*~*~ (outnumbered).
 30211 | Vaults:2 | 30211 ||| DROPPING +2 hat "Duhag" {Str+6}.
 30212 | Vaults:2 | 30212 ||| DROPPING ring of ice.
 30278 | Vaults:3 | 30278 ||| STAIRDANCE
 30284 | Vaults:3 | 30284 ||| STAIRDANCE
 30284 | Abyss:2  | Cast into level 2 of the Abyss (a wizard)
 30401 | Abyss:2  | 30401 ||| RETREATING.
 30538 | Abyss:2  | 30538 ||| INVOKING Heroism.
 30539 | Abyss:2  | 30539 ||| INVOKING Finesse.
 30541 | Abyss:2  | Noticed a bone dragon
 30542 | Abyss:2  | 30542 ||| RETREATING.
 30543 | Abyss:2  | 30543 ||| Stepping ~*~*~tactically~*~*~ (retreating).
 30568 | Abyss:2  | Killed a bone dragon
 30617 | Abyss:2  | 30617 ||| Stepping ~*~*~tactically~*~*~ (cloud).
 30806 | Vaults:3 | Escaped the Abyss
 30807 | Vaults:3 | 30807 ||| STAIRDANCE
 30809 | Vaults:2 | 30809 ||| Stepping ~*~*~tactically~*~*~ (retreating).
 30810 | Vaults:2 | 30810 ||| Stepping ~*~*~tactically~*~*~ (retreating).
 30811 | Vaults:2 | 30811 ||| Stepping ~*~*~tactically~*~*~ (retreating).
 30812 | Vaults:2 | 30812 ||| Stepping ~*~*~tactically~*~*~ (retreating).
 30955 | Vaults:3 | 30955 ||| STAIRDANCE
 30957 | Vaults:2 | 30957 ||| Stepping ~*~*~tactically~*~*~ (retreating).
 30958 | Vaults:2 | 30958 ||| Stepping ~*~*~tactically~*~*~ (retreating).
 30959 | Vaults:2 | 30959 ||| Stepping ~*~*~tactically~*~*~ (retreating).
 30960 | Vaults:2 | 30960 ||| Stepping ~*~*~tactically~*~*~ (retreating).
 30961 | Vaults:2 | 30961 ||| RETREATING.
 31139 | Vaults:3 | 31139 ||| Stepping ~*~*~tactically~*~*~ (outnumbered).
 31173 | Vaults:3 | 31173 ||| SWAPPING to +0 hand cannon of flaming.
 31174 | Vaults:3 | 31174 ||| DROPPING +1 longbow of draining.
 31401 | Vaults:3 | 31401 ||| Stepping ~*~*~tactically~*~*~ (outnumbered).
 31403 | Vaults:3 | 31403 ||| Stepping ~*~*~tactically~*~*~ (outnumbered).
 31405 | Vaults:3 | 31405 ||| Stepping ~*~*~tactically~*~*~ (outnumbered).
 31427 | Vaults:3 | 31427 ||| Stepping ~*~*~tactically~*~*~ (outnumbered).
 31432 | Vaults:3 | 31432 ||| INVOKING Heroism.
 31473 | Vaults:3 | 31473 ||| RETREATING.
 31476 | Vaults:3 | 31476 ||| RETREATING.
 31478 | Vaults:3 | 31478 ||| RETREATING.
 31546 | Vaults:3 | Identified the +0 ring mail of Okawaru {rN+ Int+2 Slay+2}
                  | (Okawaru gifted it to you on level 3 of the Vaults)
 31546 | Vaults:3 | Received a gift from Okawaru
 31561 | Vaults:3 | 31561 ||| SWAPPING to +0 triple crossbow.
 31562 | Vaults:3 | 31562 ||| DROPPING +0 hand cannon of flaming.
 31599 | Vaults:3 | 31599 ||| INVOKING Heroism.
 31600 | Vaults:3 | 31600 ||| INVOKING Finesse.
 31636 | Vaults:3 | 31636 ||| INVOKING Heroism.
 31662 | Vaults:3 | 31662 ||| Stepping ~*~*~tactically~*~*~ (outnumbered).
 31666 | Vaults:3 | 31666 ||| Stepping ~*~*~tactically~*~*~ (outnumbered).
 31667 | Vaults:3 | Noticed Margery
 31668 | Vaults:3 | 31668 ||| RETREATING.
 31672 | Vaults:3 | 31672 ||| Stepping ~*~*~tactically~*~*~ (retreating).
 31690 | Vaults:3 | 31690 ||| INVOKING Heroism.
 31693 | Vaults:3 | Killed Margery
 31965 | Vaults:3 | 31965 ||| INVOKING Heroism.
 31966 | Vaults:3 | 31966 ||| INVOKING Finesse.
 32115 | Vaults:3 | 32115 ||| INVOKING Heroism.
 32116 | Vaults:3 | 32116 ||| INVOKING Finesse.
 32221 | Vaults:3 | 32221 ||| Stepping ~*~*~tactically~*~*~ (outnumbered).
 32222 | Vaults:3 | 32222 ||| Stepping ~*~*~tactically~*~*~ (outnumbered).
 32294 | Vaults:3 | Paralysed by a sphinx for 3 turns
 32557 | Vaults:3 | Reached skill level 21 in Ranged Weapons
 32585 | Vaults:3 | 32585 ||| DROPPING +0 ring mail of Okawaru {rN+ Int+2
                  | Slay+2}.
 32586 | Vaults:3 | 32586 ||| READING scroll labelled HEXZET WEIZ.
 32725 | Vaults:4 | 32725 ||| PLANNING BAZAAR
 32760 | Vaults:4 | 32760 ||| RETREATING.
 32994 | Vaults:4 | Found a flickering gateway to a bazaar.
 32995 | Vaults:4 | 32995 ||| DROPPING +1 leather armour of fire resistance.
 33004 | Bazaar   | Entered a bazaar
 33008 | Bazaar   | Found Pautexzim's Jewellery Boutique.
 33014 | Bazaar   | 33014 ||| BUYING amulet of faith (360 gold).
 33014 | Bazaar   | Bought an amulet of faith for 360 gold pieces
 33030 | Bazaar   | Found Tisiferi's Antique Armour Emporium.
 33035 | Bazaar   | 33035 ||| BUYING shiny ring mail (196 gold).
 33035 | Bazaar   | Bought a shiny ring mail for 196 gold pieces
 33051 | Bazaar   | Found Josypusus's Book Boutique.
 33071 | Bazaar   | Found Ahivvuzeph's Jewellery Shoppe.
 33090 | Bazaar   | 33090 ||| DROPPING +0 troll leather armour.
 33091 | Bazaar   | 33091 ||| UPGRADING to amulet of faith.
 33101 | Bazaar   | 33101 ||| DROPPING amulet of reflection.
 33121 | Vaults:4 | 33121 ||| PLANNING VAULTS:1-4
 33170 | Vaults:4 | 33170 ||| Stepping ~*~*~tactically~*~*~ (retreating).
 33347 | Vaults:4 | 33347 ||| INVOKING Heroism.
 33378 | Vaults:4 | 33378 ||| Stepping ~*~*~tactically~*~*~ (outnumbered).
 33404 | Vaults:4 | 33404 ||| INVOKING Heroism.
 33417 | Vaults:4 | Reached XP level 21. HP: 98/149 MP: 28/28
 33733 | Vaults:4 | 33733 ||| Stepping ~*~*~tactically~*~*~ (retreating).
 33734 | Vaults:4 | 33734 ||| Stepping ~*~*~tactically~*~*~ (retreating).
 33735 | Vaults:4 | 33735 ||| Stepping ~*~*~tactically~*~*~ (retreating).
 33736 | Vaults:4 | 33736 ||| RETREATING.
 33742 | Vaults:4 | Identified the +2 helmet of Otwiuveg {Harm rPois rF+}
                  | (Okawaru gifted it to you on level 4 of the Vaults)
 33742 | Vaults:4 | Received a gift from Okawaru
 33745 | Vaults:4 | 33745 ||| Stepping ~*~*~tactically~*~*~ (retreating).
 33746 | Vaults:4 | 33746 ||| INVOKING Heroism.
 33747 | Vaults:4 | 33747 ||| Stepping ~*~*~tactically~*~*~ (retreating).
 33749 | Vaults:4 | 33749 ||| Stepping ~*~*~tactically~*~*~ (retreating).
 33750 | Vaults:4 | 33750 ||| Stepping ~*~*~tactically~*~*~ (retreating).
 33751 | Vaults:4 | 33751 ||| Stepping ~*~*~tactically~*~*~ (retreating).
 33752 | Vaults:4 | 33752 ||| Stepping ~*~*~tactically~*~*~ (retreating).
 33753 | Vaults:4 | 33753 ||| RETREATING.
 34158 | Vaults:4 | 34158 ||| RETREATING.
 34244 | Vaults:4 | Found Ithrucs's Jewellery Boutique.
 34515 | Vaults:4 | 34515 ||| PLANNING SWAMP:4
 34788 | Swamp:4  | Entered Level 4 of the Swamp
 34789 | Swamp:4  | 34789 ||| RETREATING.
 34790 | Swamp:4  | 34790 ||| Stepping ~*~*~tactically~*~*~ (retreating).
 34791 | Swamp:4  | 34791 ||| Stepping ~*~*~tactically~*~*~ (retreating).
 34793 | Swamp:4  | 34793 ||| Stepping ~*~*~tactically~*~*~ (retreating).
 34794 | Swamp:4  | 34794 ||| Stepping ~*~*~tactically~*~*~ (retreating).
 34795 | Swamp:4  | 34795 ||| Stepping ~*~*~tactically~*~*~ (retreating).
 34798 | Swamp:4  | 34798 ||| Stepping ~*~*~tactically~*~*~ (retreating).
 34838 | Swamp:4  | 34838 ||| Stepping ~*~*~tactically~*~*~ (outnumbered).
 34848 | Swamp:4  | 34848 ||| Stepping ~*~*~tactically~*~*~ (outnumbered).
 35018 | Swamp:4  | 35018 ||| Stepping ~*~*~tactically~*~*~ (outnumbered).
 35019 | Swamp:4  | 35019 ||| Stepping ~*~*~tactically~*~*~ (outnumbered).
 35020 | Swamp:4  | 35020 ||| Stepping ~*~*~tactically~*~*~ (outnumbered).
 35032 | Swamp:4  | Noticed Nikola
 35035 | Swamp:4  | 35035 ||| RETREATING.
 35040 | Swamp:4  | 35040 ||| RETREATING.
 35042 | Swamp:4  | 35042 ||| RETREATING.
 35044 | Swamp:4  | 35044 ||| Stepping ~*~*~tactically~*~*~ (retreating).
 35049 | Swamp:4  | Killed Nikola
 35056 | Swamp:4  | 35056 ||| Stepping ~*~*~tactically~*~*~ (retreating).
 35066 | Swamp:4  | Reached skill level 18 in Dodging
 35108 | Swamp:4  | 35108 ||| READING scroll of enchant weapon.
 35108 | Swamp:4  | 35108 ||| ENCHANTING +0 triple crossbow.
 35115 | Swamp:4  | 35115 ||| READING scroll of enchant weapon.
 35115 | Swamp:4  | 35115 ||| ENCHANTING +1 triple crossbow.
 35335 | Swamp:4  | Got a decaying rune of Zot
 35375 | Swamp:4  | 35375 ||| PLANNING DEPTHS
 35375 | Swamp:4  | 35375 ||| DROPPING +0 cloak of the Old and Reckless
                  | {Int+3}.
 35568 | Depths:1 | Entered Level 1 of the Depths
 35569 | Depths:1 | 35569 ||| PLANNING WIZLAB
 35582 | Depths:1 | 35582 ||| RETREATING.
 35609 | Depths:1 | 35609 ||| INVOKING Heroism.
 35610 | Depths:1 | 35610 ||| INVOKING Finesse.
 35706 | Depths:1 | Reached skill level 22 in Fighting
 35707 | Depths:1 | 35707 ||| INVOKING Finesse.
 35708 | Depths:1 | 35708 ||| RETREATING.
 35756 | Depths:1 | Found a one-way gateway to a ziggurat.
 35776 | Depths:1 | 35776 ||| INVOKING Heroism.
 35801 | Depths:1 | 35801 ||| INVOKING Finesse.
 35962 | Depths:1 | Found a gateway to Hell.
 35992 | Depths:1 | 35992 ||| RETREATING.
 36029 | Depths:1 | Found a magical portal.
 36038 | WizLab   | Entered The Hall of the Hellbinder
 36076 | WizLab   | 36076 ||| RETREATING.
 36084 | WizLab   | 36084 ||| Stepping ~*~*~tactically~*~*~ (retreating).
 36085 | WizLab   | 36085 ||| Stepping ~*~*~tactically~*~*~ (retreating).
 36086 | WizLab   | 36086 ||| Stepping ~*~*~tactically~*~*~ (retreating).
 36087 | WizLab   | 36087 ||| Stepping ~*~*~tactically~*~*~ (retreating).
 36088 | WizLab   | 36088 ||| Stepping ~*~*~tactically~*~*~ (retreating).
 36089 | WizLab   | 36089 ||| Stepping ~*~*~tactically~*~*~ (retreating).
 36101 | WizLab   | 36101 ||| Stepping ~*~*~tactically~*~*~ (retreating).
 36102 | WizLab   | 36102 ||| Stepping ~*~*~tactically~*~*~ (retreating).
 36107 | WizLab   | 36107 ||| Stepping ~*~*~tactically~*~*~ (outnumbered).
 36110 | WizLab   | 36110 ||| INVOKING Heroism.
 36244 | WizLab   | 36244 ||| INVOKING Heroism.
 36286 | WizLab   | 36286 ||| READING scroll of enchant weapon.
 36286 | WizLab   | 36286 ||| ENCHANTING +2 triple crossbow.
 36303 | WizLab   | 36303 ||| RETREATING.
 36382 | WizLab   | 36382 ||| INVOKING Heroism.
 36427 | WizLab   | 36427 ||| INVOKING Heroism.
 36520 | WizLab   | Found a burning altar of Makhleb.
 36521 | WizLab   | Noticed Rukhav
 36532 | WizLab   | Killed Rukhav the Hellbinder
 36570 | WizLab   | Identified the amulet of Traps {Faith Drain rF+ Str+3}
 36595 | WizLab   | Identified the +7 mace "Astady" {freeze, Dex+3}
 36605 | WizLab   | 36605 ||| DROPPING +0 cloak of stealth.
 36606 | WizLab   | 36606 ||| UPGRADING to amulet of Traps {Faith Drain rF+
                  | Str+3}.
 36616 | WizLab   | 36616 ||| UPGRADING to +4 ring mail of poison resistance.
 36626 | WizLab   | 36626 ||| DROPPING amulet of faith.
 36627 | WizLab   | 36627 ||| READING scroll labelled ZEQEKKOUTA.
 36690 | Depths:1 | 36690 ||| PLANNING DEPTHS
 36784 | Depths:1 | 36784 ||| INVOKING Heroism.
 37020 | Depths:1 | 37020 ||| INVOKING Heroism.
 37258 | Depths:2 | 37258 ||| RETREATING.
 37259 | Depths:2 | 37259 ||| Stepping ~*~*~tactically~*~*~ (retreating).
 37260 | Depths:2 | 37260 ||| Stepping ~*~*~tactically~*~*~ (retreating).
 37261 | Depths:2 | 37261 ||| Stepping ~*~*~tactically~*~*~ (retreating).
 37262 | Depths:2 | 37262 ||| Stepping ~*~*~tactically~*~*~ (retreating).
 37263 | Depths:2 | 37263 ||| Stepping ~*~*~tactically~*~*~ (retreating).
 37269 | Depths:2 | 37269 ||| Stepping ~*~*~tactically~*~*~ (retreating).
 37271 | Depths:2 | 37271 ||| INVOKING Heroism.
 37287 | Depths:2 | Reached XP level 22. HP: 102/158 MP: 29/29
 37290 | Depths:2 | Reached skill level 12 in Armour
 37300 | Depths:2 | 37300 ||| Stepping ~*~*~tactically~*~*~ (retreating).
 37301 | Depths:2 | 37301 ||| Stepping ~*~*~tactically~*~*~ (retreating).
 37302 | Depths:2 | 37302 ||| Stepping ~*~*~tactically~*~*~ (retreating).
 37303 | Depths:2 | 37303 ||| Stepping ~*~*~tactically~*~*~ (outnumbered).
 37309 | Depths:2 | 37309 ||| Stepping ~*~*~tactically~*~*~ (outnumbered).
 37312 | Depths:2 | 37312 ||| INVOKING Heroism.
 37316 | Depths:2 | 37316 ||| Stepping ~*~*~tactically~*~*~ (retreating).
 37319 | Depths:2 | 37319 ||| Stepping ~*~*~tactically~*~*~ (outnumbered).
 37320 | Depths:2 | 37320 ||| Stepping ~*~*~tactically~*~*~ (retreating).
 37320 | Depths:2 | HP: 34/158 [shadow[a vampire mage] (8)]
 37321 | Depths:2 | 37321 ||| READING 8 scrolls of teleportation.
 37321 | Depths:2 | HP: 8/158 [ettin/+0 dire flail (26)]
 37322 | Depths:2 | 37322 ||| DRINKING 9 potions of heal wounds.
 37323 | Depths:2 | 37323 ||| DRINKING 8 potions of heal wounds.
 37324 | Depths:2 | 37324 ||| Stepping ~*~*~tactically~*~*~ (retreating).
 37573 | Depths:2 | 37573 ||| INVOKING Heroism.
 37678 | Depths:2 | 37678 ||| INVOKING Heroism.
 37764 | Depths:2 | 37764 ||| INVOKING Heroism.
 37770 | Depths:2 | 37770 ||| RETREATING.
 37773 | Depths:2 | 37773 ||| Stepping ~*~*~tactically~*~*~ (retreating).
 37774 | Depths:2 | 37774 ||| Stepping ~*~*~tactically~*~*~ (retreating).
 37813 | Depths:2 | Found a one-way gate leading to the halls of Pandemonium.
 37814 | Depths:2 | 37814 ||| Stepping ~*~*~tactically~*~*~ (outnumbered).
 37820 | Depths:2 | Reached skill level 23 in Fighting
 37894 | Depths:2 | You are sucked into a shaft and drop 1 floor!
 37940 | Depths:3 | 37940 ||| INVOKING Heroism.
 37981 | Depths:3 | Identified the ring "Qimuys" {Fly SInv}
 38006 | Depths:3 | Paralysed by a great orb of eyes for 5 turns
 38018 | Depths:3 | 38018 ||| RETREATING.
 38019 | Depths:3 | 38019 ||| INVOKING Heroism.
 38167 | Depths:3 | 38167 ||| RETREATING.
 38169 | Depths:3 | 38169 ||| Stepping ~*~*~tactically~*~*~ (retreating).
 38169 | Depths:3 | Identified the ring of Kindness {Ice Str+6}
 38170 | Depths:3 | 38170 ||| Stepping ~*~*~tactically~*~*~ (retreating).
 38171 | Depths:3 | 38171 ||| Stepping ~*~*~tactically~*~*~ (retreating).
 38172 | Depths:3 | 38172 ||| Stepping ~*~*~tactically~*~*~ (outnumbered).
 38173 | Depths:3 | 38173 ||| INVOKING Heroism.
 38174 | Depths:3 | 38174 ||| Stepping ~*~*~tactically~*~*~ (outnumbered).
 38175 | Depths:3 | 38175 ||| Stepping ~*~*~tactically~*~*~ (retreating).
 38176 | Depths:3 | 38176 ||| Stepping ~*~*~tactically~*~*~ (retreating).
 38177 | Depths:3 | 38177 ||| Stepping ~*~*~tactically~*~*~ (retreating).
 38182 | Depths:3 | HP: 32/160 [spriggan berserker/+1 antimagic rapier (14)]
 38183 | Depths:3 | 38183 ||| READING 7 scrolls of teleportation.
 38184 | Depths:3 | 38184 ||| DRINKING 7 potions of heal wounds.
 38187 | Depths:3 | 38187 ||| DRINKING 6 potions of heal wounds.
 38456 | Depths:3 | Found a sacrificial altar of Ru.
 38512 | Depths:3 | 38512 ||| RETREATING.
 38513 | Depths:3 | 38513 ||| Stepping ~*~*~tactically~*~*~ (outnumbered).
 38514 | Depths:3 | 38514 ||| RETREATING.
 38522 | Depths:3 | 38522 ||| Stepping ~*~*~tactically~*~*~ (retreating).
 38523 | Depths:3 | 38523 ||| Stepping ~*~*~tactically~*~*~ (retreating).
 38524 | Depths:3 | 38524 ||| Stepping ~*~*~tactically~*~*~ (retreating).
 38525 | Depths:3 | 38525 ||| Stepping ~*~*~tactically~*~*~ (retreating).
 38526 | Depths:3 | 38526 ||| Stepping ~*~*~tactically~*~*~ (retreating).
 38542 | Depths:3 | 38542 ||| INVOKING Heroism.
 38674 | Depths:3 | Identified the ring of the Shining Light {rC++ rCorr AC+4
                  | Int+3 Dex-3}
 38684 | Depths:3 | 38684 ||| DROPPING ring "Qimuys" {Fly SInv}.
 38685 | Depths:3 | 38685 ||| DROPPING ring of see invisible.
 38686 | Depths:3 | 38686 ||| DROPPING ring of the Shining Light {rC++ rCorr
                  | AC+4 Int+3 Dex-3}.
 38694 | Depths:2 | 38694 ||| INVOKING Heroism.
 38960 | Depths:2 | Found a portal to a secret trove of treasure.
 39141 | Depths:3 | 39141 ||| RETREATING.
 39142 | Depths:3 | 39142 ||| INVOKING Heroism.
 39193 | Depths:3 | Found a transporter.
 39193 | Depths:3 | Identified the ring of Eqi Tiux {*Corrode Fly rPois rF+
                  | Will+}
 39194 | Depths:3 | 39194 ||| Stepping ~*~*~tactically~*~*~ (outnumbered).
 39196 | Depths:3 | 39196 ||| RETREATING.
 39197 | Depths:3 | 39197 ||| INVOKING Heroism.
 39198 | Depths:3 | 39198 ||| INVOKING Finesse.
 39199 | Depths:3 | 39199 ||| Stepping ~*~*~tactically~*~*~ (outnumbered).
 39272 | Depths:3 | 39272 ||| DRINKING 11 potions of curing.
 39272 | Depths:3 | 39272 ||| (to cure confusion)
 39287 | Depths:3 | Found an ancient bone altar of Kikubaaqudgha.
 39297 | Depths:3 | Noticed a juggernaut
 39298 | Depths:3 | 39298 ||| INVOKING Heroism.
 39299 | Depths:3 | 39299 ||| Stepping ~*~*~tactically~*~*~ (outnumbered).
 39305 | Depths:3 | Killed a juggernaut
 39306 | Depths:3 | Reached skill level 24 in Fighting
 39359 | Depths:3 | 39359 ||| INVOKING Finesse.
 39389 | Depths:3 | 39389 ||| RETREATING.
 39391 | Depths:3 | 39391 ||| Stepping ~*~*~tactically~*~*~ (retreating).
 39392 | Depths:3 | 39392 ||| INVOKING Heroism.
 39395 | Depths:3 | 39395 ||| Stepping ~*~*~tactically~*~*~ (retreating).
 39396 | Depths:3 | 39396 ||| Stepping ~*~*~tactically~*~*~ (retreating).
 39397 | Depths:3 | 39397 ||| Stepping ~*~*~tactically~*~*~ (retreating).
 39398 | Depths:3 | 39398 ||| Stepping ~*~*~tactically~*~*~ (outnumbered).
 39399 | Depths:3 | 39399 ||| Stepping ~*~*~tactically~*~*~ (retreating).
 39400 | Depths:3 | 39400 ||| Stepping ~*~*~tactically~*~*~ (retreating).
 39401 | Depths:3 | 39401 ||| Stepping ~*~*~tactically~*~*~ (retreating).
 39402 | Depths:3 | 39402 ||| Stepping ~*~*~tactically~*~*~ (retreating).
 39403 | Depths:3 | 39403 ||| Stepping ~*~*~tactically~*~*~ (retreating).
 39403 | Depths:3 | HP: 39/161 [purple very ugly thing (16)]
 39404 | Depths:3 | 39404 ||| READING 6 scrolls of teleportation.
 39405 | Depths:3 | 39405 ||| DRINKING 5 potions of heal wounds.
 39620 | Depths:3 | Noticed a juggernaut
 39621 | Depths:3 | 39621 ||| INVOKING Heroism.
 39622 | Depths:3 | 39622 ||| RETREATING.
 39628 | Depths:3 | Killed a juggernaut
 39667 | Depths:3 | Identified the +1 pair of boots "Tipocos" {-Tele Rampage
                  | rF++ Int+2}
 39684 | Depths:3 | 39684 ||| Stepping ~*~*~tactically~*~*~ (retreating).
 39689 | Depths:3 | 39689 ||| INVOKING Heroism.
 39695 | Depths:3 | 39695 ||| Stepping ~*~*~tactically~*~*~ (retreating).
 39696 | Depths:3 | 39696 ||| Stepping ~*~*~tactically~*~*~ (retreating).
 39706 | Depths:3 | 39706 ||| Stepping ~*~*~tactically~*~*~ (retreating).
 39708 | Depths:3 | 39708 ||| FLEEEEING.
 39710 | Depths:3 | 39710 ||| FLEEEEING.
 39712 | Depths:3 | 39712 ||| FLEEEEING.
 39713 | Depths:3 | 39713 ||| FLEEEEING.
 39714 | Depths:3 | 39714 ||| FLEEEEING.
 39715 | Depths:3 | 39715 ||| FLEEEEING.
 39716 | Depths:3 | 39716 ||| FLEEEEING.
 39718 | Depths:3 | 39718 ||| FLEEEEING.
 39719 | Depths:3 | 39719 ||| FLEEEEING.
 39720 | Depths:3 | 39720 ||| STAIRDANCE
 39952 | Depths:2 | 39952 ||| DROPPING +1 pair of boots.
 39993 | Depths:3 | 39993 ||| INVOKING Heroism.
 40111 | Depths:3 | Found a sparkling altar of Nemelex Xobeh.
 40167 | Depths:3 | 40167 ||| Stepping ~*~*~tactically~*~*~ (outnumbered).
 40169 | Depths:3 | 40169 ||| Stepping ~*~*~tactically~*~*~ (outnumbered).
 40170 | Depths:3 | 40170 ||| RETREATING.
 40178 | Depths:3 | 40178 ||| RETREATING.
 40184 | Depths:3 | 40184 ||| Stepping ~*~*~tactically~*~*~ (retreating).
 40185 | Depths:3 | 40185 ||| Stepping ~*~*~tactically~*~*~ (retreating).
 40186 | Depths:3 | 40186 ||| Stepping ~*~*~tactically~*~*~ (retreating).
 40187 | Depths:3 | 40187 ||| Stepping ~*~*~tactically~*~*~ (retreating).
 40189 | Depths:3 | 40189 ||| Stepping ~*~*~tactically~*~*~ (outnumbered).
 40192 | Depths:3 | 40192 ||| Stepping ~*~*~tactically~*~*~ (outnumbered).
 40210 | Depths:3 | 40210 ||| INVOKING Heroism.
 40213 | Depths:3 | 40213 ||| Stepping ~*~*~tactically~*~*~ (retreating).
 40215 | Depths:3 | 40215 ||| Stepping ~*~*~tactically~*~*~ (retreating).
 40217 | Depths:3 | 40217 ||| Stepping ~*~*~tactically~*~*~ (retreating).
 40219 | Depths:3 | 40219 ||| Stepping ~*~*~tactically~*~*~ (retreating).
 40356 | Depths:3 | Noticed Saint Roka
 40360 | Depths:3 | 40360 ||| FLEEEEING.
 40362 | Depths:3 | Killed Saint Roka
 40429 | Depths:3 | 40429 ||| INVOKING Heroism.
 40430 | Depths:3 | 40430 ||| INVOKING Finesse.
 40496 | Depths:3 | Found a one-way gate to the infinite horrors of the Abyss.
 40499 | Depths:3 | 40499 ||| Stepping ~*~*~tactically~*~*~ (outnumbered).
 40582 | Depths:3 | Paralysed by a vampire knight for 3 turns
 40634 | Depths:3 | 40634 ||| INVOKING Heroism.
 40652 | Depths:3 | Identified the +4 whip of Bekynu {venom, Fragile rC+ Int+3
                  | Dex+2}
 40673 | Depths:3 | Reached XP level 23. HP: 167/167 MP: 30/30
 40679 | Depths:3 | 40679 ||| RETREATING.
 40681 | Depths:3 | 40681 ||| Stepping ~*~*~tactically~*~*~ (outnumbered).
 40688 | Depths:3 | 40688 ||| Stepping ~*~*~tactically~*~*~ (outnumbered).
 40775 | Depths:3 | Found a transporter.
 40815 | Depths:4 | Entered Level 4 of the Depths
 40820 | Depths:4 | 40820 ||| INVOKING Heroism.
 40898 | Depths:4 | Identified the +1 hat of the Black Moon {Will++} (Okawaru
                  | gifted it to you on level 4 of the Depths)
 40898 | Depths:4 | Received a gift from Okawaru
 41004 | Depths:4 | Identified the +4 broad axe of the Gazing Soothsayer
                  | {spect, rElec rN+ Dex+3}
 41037 | Depths:4 | Identified the ring "Reus" {Drain +Blink rElec rPois Dex+8}
 41044 | Depths:4 | Identified the +11 long sword "Xeklol" {drain, *Corrode rC+
                  | Dex+3 SInv}
 41047 | Depths:4 | 41047 ||| INVOKING Heroism.
 41048 | Depths:4 | 41048 ||| INVOKING Finesse.
 41051 | Depths:4 | 41051 ||| RETREATING.
 41252 | Depths:4 | 41252 ||| RETREATING.
 41254 | Depths:4 | 41254 ||| INVOKING Finesse.
 41428 | Depths:4 | 41428 ||| Stepping ~*~*~tactically~*~*~ (outnumbered).
 41429 | Depths:4 | 41429 ||| Stepping ~*~*~tactically~*~*~ (outnumbered).
 41435 | Depths:4 | 41435 ||| INVOKING Heroism.
 41445 | Depths:4 | Reached skill level 15 in Armour
 41450 | Depths:4 | 41450 ||| Stepping ~*~*~tactically~*~*~ (outnumbered).
 41452 | Depths:4 | 41452 ||| RETREATING.
 41462 | Depths:4 | 41462 ||| Stepping ~*~*~tactically~*~*~ (outnumbered).
 41580 | Depths:4 | Found a gate to the Realm of Zot.
 41674 | Depths:4 | 41674 ||| RETREATING.
 41683 | Depths:4 | 41683 ||| Stepping ~*~*~tactically~*~*~ (retreating).
 41684 | Depths:4 | 41684 ||| Stepping ~*~*~tactically~*~*~ (retreating).
 41685 | Depths:4 | 41685 ||| Stepping ~*~*~tactically~*~*~ (retreating).
 41686 | Depths:4 | 41686 ||| INVOKING Heroism.
 41698 | Depths:4 | 41698 ||| Stepping ~*~*~tactically~*~*~ (retreating).
 41699 | Depths:4 | 41699 ||| Stepping ~*~*~tactically~*~*~ (outnumbered).
 41702 | Depths:4 | 41702 ||| Stepping ~*~*~tactically~*~*~ (retreating).
 41703 | Depths:4 | 41703 ||| Stepping ~*~*~tactically~*~*~ (retreating).
 41704 | Depths:4 | 41704 ||| Stepping ~*~*~tactically~*~*~ (retreating).
 41706 | Depths:4 | 41706 ||| Stepping ~*~*~tactically~*~*~ (retreating).
 41707 | Depths:4 | 41707 ||| RETREATING.
 41710 | Depths:4 | 41710 ||| Stepping ~*~*~tactically~*~*~ (retreating).
 41712 | Depths:4 | 41712 ||| Stepping ~*~*~tactically~*~*~ (retreating).
 41713 | Depths:4 | 41713 ||| Stepping ~*~*~tactically~*~*~ (retreating).
 41714 | Depths:4 | 41714 ||| RETREATING.
 41716 | Depths:4 | 41716 ||| Stepping ~*~*~tactically~*~*~ (retreating).
 41717 | Depths:4 | 41717 ||| Stepping ~*~*~tactically~*~*~ (retreating).
 41718 | Depths:4 | 41718 ||| Stepping ~*~*~tactically~*~*~ (retreating).
 41719 | Depths:4 | 41719 ||| Stepping ~*~*~tactically~*~*~ (retreating).
 41720 | Depths:4 | 41720 ||| Stepping ~*~*~tactically~*~*~ (retreating).
 41721 | Depths:4 | 41721 ||| Stepping ~*~*~tactically~*~*~ (outnumbered).
 41722 | Depths:4 | 41722 ||| INVOKING Heroism.
 41723 | Depths:4 | 41723 ||| Stepping ~*~*~tactically~*~*~ (retreating).
 41724 | Depths:4 | 41724 ||| Stepping ~*~*~tactically~*~*~ (retreating).
 41725 | Depths:4 | 41725 ||| Stepping ~*~*~tactically~*~*~ (retreating).
 41726 | Depths:4 | 41726 ||| Stepping ~*~*~tactically~*~*~ (retreating).
 41727 | Depths:4 | 41727 ||| Stepping ~*~*~tactically~*~*~ (retreating).
 41728 | Depths:4 | 41728 ||| Stepping ~*~*~tactically~*~*~ (retreating).
 41729 | Depths:4 | 41729 ||| Stepping ~*~*~tactically~*~*~ (retreating).
 41729 | Depths:4 | HP: 37/167 [iron troll (14)]
 41730 | Depths:4 | 41730 ||| READING 5 scrolls of teleportation.
 41731 | Depths:4 | 41731 ||| DRINKING 6 potions of heal wounds.
 41732 | Depths:4 | 41732 ||| Stepping ~*~*~tactically~*~*~ (retreating).
 41733 | Depths:4 | 41733 ||| Stepping ~*~*~tactically~*~*~ (retreating).
 41734 | Depths:4 | 41734 ||| Stepping ~*~*~tactically~*~*~ (retreating).
 41781 | Depths:4 | 41781 ||| INVOKING Heroism.
 41820 | Depths:4 | 41820 ||| INVOKING Heroism.
 42076 | Depths:4 | 42076 ||| Stepping ~*~*~tactically~*~*~ (outnumbered).
 42154 | Depths:4 | 42154 ||| INVOKING Heroism.
 42175 | Depths:4 | 42175 ||| RETREATING.
 42263 | Depths:4 | 42263 ||| INVOKING Heroism.
 42280 | Depths:4 | Found a shimmering blue altar of Sif Muna.
 42305 | Depths:4 | 42305 ||| PLANNING VAULTS:5
 42305 | Depths:4 | 42305 ||| UPGRADING to +1 hat of the Black Moon {Will++}.
 42315 | Depths:4 | 42315 ||| UPGRADING to ring "Reus" {Drain +Blink rElec
                  | rPois Dex+8}.
 42317 | Depths:4 | 42317 ||| DROPPING +4 ring of slaying {mikee}.
 42318 | Depths:4 | 42318 ||| DROPPING +6 ring of dexterity.
 42570 | Vaults:5 | Entered Level 5 of the Vaults
 42572 | Vaults:5 | 42572 ||| STAIRDANCE
 42640 | Vaults:5 | 42640 ||| STAIRDANCE
 42642 | Vaults:4 | 42642 ||| Stepping ~*~*~tactically~*~*~ (retreating).
 42643 | Vaults:4 | 42643 ||| Stepping ~*~*~tactically~*~*~ (retreating).
 42644 | Vaults:4 | 42644 ||| Stepping ~*~*~tactically~*~*~ (retreating).
 42645 | Vaults:4 | 42645 ||| Stepping ~*~*~tactically~*~*~ (retreating).
 42655 | Vaults:4 | 42655 ||| INVOKING Heroism.
 42845 | Vaults:5 | 42845 ||| STAIRDANCE
 42847 | Vaults:4 | 42847 ||| Stepping ~*~*~tactically~*~*~ (retreating).
 42848 | Vaults:4 | 42848 ||| Stepping ~*~*~tactically~*~*~ (retreating).
 42849 | Vaults:4 | 42849 ||| Stepping ~*~*~tactically~*~*~ (retreating).
 42850 | Vaults:4 | 42850 ||| Stepping ~*~*~tactically~*~*~ (retreating).
 42896 | Vaults:5 | 42896 ||| STAIRDANCE
 42898 | Vaults:4 | 42898 ||| Stepping ~*~*~tactically~*~*~ (retreating).
 42899 | Vaults:4 | 42899 ||| Stepping ~*~*~tactically~*~*~ (retreating).
 42900 | Vaults:4 | 42900 ||| Stepping ~*~*~tactically~*~*~ (retreating).
 42901 | Vaults:4 | 42901 ||| Stepping ~*~*~tactically~*~*~ (retreating).
 42916 | Vaults:4 | 42916 ||| INVOKING Heroism.
 43032 | Vaults:5 | Noticed a golden dragon
 43032 | Vaults:5 | 43032 ||| STAIRDANCE
 43113 | Vaults:5 | 43113 ||| STAIRDANCE
 43171 | Vaults:5 | 43171 ||| INVOKING Heroism.
 43173 | Vaults:5 | 43173 ||| STAIRDANCE
 43187 | Vaults:5 | 43187 ||| Stepping ~*~*~tactically~*~*~ (retreating).
 43188 | Vaults:5 | 43188 ||| STAIRDANCE
 43191 | Vaults:4 | Killed a golden dragon
 43218 | Vaults:5 | 43218 ||| STAIRDANCE
 43220 | Vaults:4 | 43220 ||| INVOKING Heroism.
 43222 | Vaults:4 | 43222 ||| Stepping ~*~*~tactically~*~*~ (retreating).
 43223 | Vaults:4 | 43223 ||| Stepping ~*~*~tactically~*~*~ (retreating).
 43224 | Vaults:4 | 43224 ||| Stepping ~*~*~tactically~*~*~ (retreating).
 43225 | Vaults:4 | 43225 ||| Stepping ~*~*~tactically~*~*~ (retreating).
 43226 | Vaults:4 | 43226 ||| Stepping ~*~*~tactically~*~*~ (retreating).
 43227 | Vaults:4 | 43227 ||| Stepping ~*~*~tactically~*~*~ (retreating).
 43349 | Vaults:5 | 43349 ||| STAIRDANCE
 43359 | Vaults:5 | 43359 ||| STAIRDANCE
 43361 | Vaults:4 | 43361 ||| Stepping ~*~*~tactically~*~*~ (retreating).
 43362 | Vaults:4 | 43362 ||| Stepping ~*~*~tactically~*~*~ (retreating).
 43363 | Vaults:4 | 43363 ||| Stepping ~*~*~tactically~*~*~ (retreating).
 43364 | Vaults:4 | 43364 ||| Stepping ~*~*~tactically~*~*~ (retreating).
 43365 | Vaults:4 | 43365 ||| INVOKING Heroism.
 43373 | Vaults:4 | HP: 42/168 [vault warden/+0 broad axe (12)]
 43374 | Vaults:4 | 43374 ||| READING 4 scrolls of teleportation.
 43375 | Vaults:4 | 43375 ||| DRINKING 5 potions of heal wounds.
 43656 | Vaults:4 | 43656 ||| FLEEEEING.
 43695 | Vaults:5 | 43695 ||| INVOKING Heroism.
 43696 | Vaults:5 | 43696 ||| Stepping ~*~*~tactically~*~*~ (outnumbered).
 43697 | Vaults:5 | 43697 ||| Stepping ~*~*~tactically~*~*~ (outnumbered).
 43698 | Vaults:5 | 43698 ||| Stepping ~*~*~tactically~*~*~ (outnumbered).
 43699 | Vaults:5 | 43699 ||| Stepping ~*~*~tactically~*~*~ (outnumbered).
 43700 | Vaults:5 | 43700 ||| Stepping ~*~*~tactically~*~*~ (outnumbered).
 43701 | Vaults:5 | 43701 ||| Stepping ~*~*~tactically~*~*~ (outnumbered).
 43714 | Vaults:5 | 43714 ||| Stepping ~*~*~tactically~*~*~ (retreating).
 43736 | Vaults:5 | 43736 ||| INVOKING Heroism.
 43737 | Vaults:5 | HP: 39/168 [ettin simulacrum[a necromancer] (7)]
 43738 | Vaults:5 | 43738 ||| READING 3 scrolls of teleportation.
 43739 | Vaults:5 | 43739 ||| DRINKING 4 potions of heal wounds.
 43747 | Vaults:5 | 43747 ||| RETREATING.
 43753 | Vaults:5 | Noticed Sojobo
 43756 | Vaults:5 | 43756 ||| Stepping ~*~*~tactically~*~*~ (retreating).
 43757 | Vaults:5 | 43757 ||| Stepping ~*~*~tactically~*~*~ (retreating).
 43758 | Vaults:5 | 43758 ||| Stepping ~*~*~tactically~*~*~ (retreating).
 43759 | Vaults:5 | 43759 ||| Stepping ~*~*~tactically~*~*~ (retreating).
 43762 | Vaults:5 | HP: 31/168 [Sojobo/the air (16)]
 43763 | Vaults:5 | 43763 ||| READING 2 scrolls of teleportation.
 43764 | Vaults:5 | 43764 ||| DRINKING 3 potions of heal wounds.
 43783 | Vaults:5 | 43783 ||| INVOKING Heroism.
 43807 | Vaults:5 | 43807 ||| INVOKING Heroism.
 43815 | Vaults:5 | 43815 ||| Stepping randomly (disturbance).
 43816 | Vaults:5 | 43816 ||| Stepping randomly (disturbance).
 43817 | Vaults:5 | 43817 ||| Stepping randomly (disturbance).
 43830 | Vaults:5 | 43830 ||| Stepping randomly (disturbance).
 43831 | Vaults:5 | 43831 ||| Stepping randomly (disturbance).
 43899 | Vaults:5 | 43899 ||| INVOKING Heroism.
 43996 | Vaults:5 | 43996 ||| READING scroll of enchant weapon.
 43996 | Vaults:5 | 43996 ||| ENCHANTING +3 triple crossbow.
 44019 | Vaults:5 | Reached skill level 25 in Fighting
 44043 | Vaults:5 | 44043 ||| RETREATING.
 44045 | Vaults:5 | 44045 ||| Stepping ~*~*~tactically~*~*~ (retreating).
 44046 | Vaults:5 | 44046 ||| INVOKING Heroism.
 44053 | Vaults:5 | Noticed a dread lich
 44054 | Vaults:5 | 44054 ||| Stepping ~*~*~tactically~*~*~ (retreating).
 44063 | Vaults:5 | 44063 ||| Stepping ~*~*~tactically~*~*~ (retreating).
 44065 | Vaults:5 | 44065 ||| Stepping ~*~*~tactically~*~*~ (retreating).
 44065 | Vaults:5 | Killed a dread lich
 44066 | Vaults:5 | Reached XP level 24. HP: 114/176 MP: 30/30
 44200 | Vaults:5 | 44200 ||| INVOKING Heroism.
 44292 | Vaults:5 | 44292 ||| Stepping ~*~*~tactically~*~*~ (outnumbered).
 44294 | Vaults:5 | 44294 ||| Stepping ~*~*~tactically~*~*~ (outnumbered).
 44296 | Vaults:5 | 44296 ||| Stepping ~*~*~tactically~*~*~ (outnumbered).
 44298 | Vaults:5 | 44298 ||| Stepping ~*~*~tactically~*~*~ (outnumbered).
 44300 | Vaults:5 | 44300 ||| Stepping ~*~*~tactically~*~*~ (outnumbered).
 44302 | Vaults:5 | 44302 ||| Stepping ~*~*~tactically~*~*~ (outnumbered).
 44304 | Vaults:5 | 44304 ||| Stepping ~*~*~tactically~*~*~ (outnumbered).
 44309 | Vaults:5 | 44309 ||| INVOKING Heroism.
 44312 | Vaults:5 | 44312 ||| Stepping ~*~*~tactically~*~*~ (outnumbered).
 44329 | Vaults:5 | 44329 ||| INVOKING Finesse.
 44333 | Vaults:5 | Noticed a dread lich
 44355 | Vaults:5 | Killed a dread lich
 44381 | Vaults:5 | 44381 ||| INVOKING Heroism.
 44385 | Vaults:5 | Reached skill level 26 in Fighting
 44514 | Vaults:5 | Found the +12 glaive of Prune {freeze, Prune}
 44535 | Vaults:5 | 44535 ||| READING scroll of brand weapon.
 44535 | Vaults:5 | 44535 ||| BRANDING +4 triple crossbow.
 44543 | Vaults:5 | Identified the +9 trident of Okawaru's Fury {pain, Fly
                  | rElec rF- Str+3}
 44567 | Vaults:5 | 44567 ||| INVOKING Heroism.
 44568 | Vaults:5 | 44568 ||| INVOKING Finesse.
 44570 | Vaults:5 | 44570 ||| RETREATING.
 44597 | Vaults:5 | 44597 ||| Stepping ~*~*~tactically~*~*~ (outnumbered).
 44618 | Vaults:5 | Killed Sojobo
 44653 | Vaults:5 | Noticed Mennas
 44654 | Vaults:5 | 44654 ||| INVOKING Heroism.
 44655 | Vaults:5 | 44655 ||| INVOKING Finesse.
 44682 | Vaults:5 | Killed Mennas
 44793 | Vaults:5 | 44793 ||| INVOKING Heroism.
 44863 | Vaults:5 | 44863 ||| INVOKING Heroism.
 44919 | Vaults:5 | 44919 ||| Stepping ~*~*~tactically~*~*~ (outnumbered).
 44921 | Vaults:5 | 44921 ||| INVOKING Heroism.
 44924 | Vaults:5 | 44924 ||| Stepping ~*~*~tactically~*~*~ (outnumbered).
 44930 | Vaults:5 | 44930 ||| Stepping ~*~*~tactically~*~*~ (outnumbered).
 44932 | Vaults:5 | 44932 ||| Stepping ~*~*~tactically~*~*~ (outnumbered).
 44936 | Vaults:5 | 44936 ||| Stepping ~*~*~tactically~*~*~ (outnumbered).
 44938 | Vaults:5 | 44938 ||| Stepping ~*~*~tactically~*~*~ (outnumbered).
 44941 | Vaults:5 | Received a gift from Okawaru
 44941 | Vaults:5 | Identified the ring "Figryk" {+Blink rF- MP+9 Int+3 Dex+4}
 45034 | Vaults:5 | Found Zuxkuq's Assorted Antiques.
 45046 | Vaults:5 | 45046 ||| BUYING 2 potions of cancellation (448 gold).
 45046 | Vaults:5 | Bought 2 potions of cancellation for 448 gold pieces
 45046 | Vaults:5 | 45046 ||| BUYING distressingly furry leather armour (196
                  | gold).
 45046 | Vaults:5 | Bought a distressingly furry leather armour for 196 gold
                  | pieces
 45046 | Vaults:5 | Identified the +0 leather armour of Peek-a-Boo {Contam rC+
                  | Dex+8} (You bought it in a shop on level 5 of the Vaults)
 45046 | Vaults:5 | 45046 ||| BUYING potion of haste (280 gold).
 45046 | Vaults:5 | Bought a potion of haste for 280 gold pieces
 45046 | Vaults:5 | 45046 ||| BUYING scroll of enchant armour (210 gold).
 45046 | Vaults:5 | Bought a scroll of enchant armour for 210 gold pieces
 45140 | Vaults:5 | 45140 ||| INVOKING Heroism.
 45200 | Vaults:5 | Got a silver rune of Zot
 45203 | Vaults:5 | 45203 ||| READING scroll of enchant weapon.
 45203 | Vaults:5 | 45203 ||| ENCHANTING +4 heavy triple crossbow.
 45212 | Vaults:5 | Identified the staff "Etzalyim" {rF++ rC+ rN+ Will- Earth}
 45527 | Vaults:5 | 45527 ||| PLANNING SHOPPING SPREE
 45527 | Vaults:5 | 45527 ||| UPGRADING to +0 leather armour of Peek-a-Boo
                  | {Contam rC+ Dex+8}.
 45537 | Vaults:5 | 45537 ||| DROPPING +4 ring mail of poison resistance.
 45538 | Vaults:5 | 45538 ||| DROPPING +0 pair of gloves of stealth.
 45967 | D:1      | 45967 ||| BUYING potion of curing (33 gold).
 45967 | D:1      | Bought a potion of curing for 33 gold pieces
 45967 | D:1      | 45967 ||| BUYING potion of curing (33 gold).
 45967 | D:1      | Bought a potion of curing for 33 gold pieces
 45967 | D:1      | 45967 ||| BUYING potion of haste (110 gold).
 45967 | D:1      | Bought a potion of haste for 110 gold pieces
 45967 | D:1      | 45967 ||| BUYING potion of might (44 gold).
 45967 | D:1      | Bought a potion of might for 44 gold pieces
 45967 | D:1      | 45967 ||| BUYING potion of resistance (110 gold).
 45967 | D:1      | Bought a potion of resistance for 110 gold pieces
 46274 | Orc:2    | 46274 ||| BUYING amulet of Vitality {RegenMP++ Regen++}
                  | (1200 gold).
 46274 | Orc:2    | Bought the amulet of Vitality {RegenMP++ Regen++} for 1200
                  | gold pieces
 46274 | Orc:2    | Found the amulet of Vitality {RegenMP++ Regen++}
 46274 | Orc:2    | 46274 ||| DROPPING brooch of Shielding {Spirit SH+8}.
 46275 | Orc:2    | 46275 ||| PLANNING ZOT:1-4
 46576 | Zot:1    | Entered Level 1 of the Realm of Zot
 46576 | Zot:1    | Noticed a Killer Klown
 46576 | Zot:1    | Noticed a dread lich
 46576 | Zot:1    | Noticed a Killer Klown
 46584 | Zot:1    | Killed a dread lich
 46591 | Zot:1    | HP: 43/178 [purple draconian/+1 battleaxe of freezing[a
                  | black draconian knight] (11)]
 46591 | Zot:1    | HP: 20/178 [purple draconian/bolt of dispelling energy[a
                  | black draconian knight] (22)]
 46592 | Zot:1    | 46592 ||| READING scroll of teleportation.
 46593 | Zot:1    | 46593 ||| DRINKING 2 potions of heal wounds.
 46594 | Zot:1    | 46594 ||| DRINKING potion of heal wounds.
 46596 | Zot:1    | HP: 1/178 [Killer Klown/+9 club of freezing (21)]
 46596 | Zot:1    | Slain by a Killer Klown

Levels and vault maps discovered:
D:1:      evilmike_arrival_rings, layout_basic, serial_shops,
          nicolae_shop_tiny_real_fake_doors
D:2:      layout_basic, hangedman_decor_slide_cut,
          chequers_serial_rivers_large_a
D:3:      layout_basic
D:4:      layout_basic, kennysheep_generic_room_9
D:5:      layout_loops_cross, mainiacjoe_overflow_brackets,
          minmay_temple_entry_wispy, serial_shops, nicolae_shop_crystal,
          nicolae_underground_beach
D:6:      layout_loops_ring, grunt_temple_overflow_open,
          gammafunk_ghost_gnarly_gnolls, chequers_jeans
D:7:      layout_loops_ring, uniq_jeremiah, uniq_prince_ribbit1
D:8:      layout_cave_pods
D:9:      minmay_sliced_demisemicircle, layout_small_grid,
          mainiacjoe_overflow_small_starburst, hellmonk_lair_entry_icy,
          enter_bailey_6, minivault_23, dreamdust_princess_corridor,
          uniq_maurice, uniq_pikel
D:10:     layout_roguey, minivault_19
D:11:     layout_loops_ring, orc_0_dummy, trog_butcher_becter
D:12:     layout_rooms, chei_slow_surprise
D:13:     layout_roguey, uniq_jorgrun, uniq_lodul
D:14:     layout_irregular_city, david_vaults_2
D:15:     gammafunk_enter_depths_forms, layout_cave_pools, small_statue_alley_a,
          serial_shops, shop, uniq_rupert
Temple:   minmay_temple_curvy_branch
Lair:1:   layout_cave_pods, pdpol_lair_neglected_garden, fungi_pond_lemuel,
          lemuel_fruit_tree, infiniplex_staircase_pool_2
Lair:2:   layout_gridlike, swamp_mist_pool, nicolae_snake_entry_squirm,
          beast_lair_carwin_3, lemuel_fruit_fields
Lair:3:   layout_long_grid, chequers_serial_rivers_micro_a
Lair:4:   layout_loops_ring, slime_entry_1
Lair:5:   minmay_lair_end_frog_pond, layout_gridlike, serial_bayou_pond_c,
          serial_bayou_shore_a, serial_bayou_shore_b
Swamp:1:  layout_falls_marsh, gammafunk_ghost_wrathful_warriors,
          nicolae_swamp_some_circles, swamp_pool2, nicolae_swamp_thats_no_hydra
Swamp:2:  layout_falls_marsh, gammafunk_ghost_cemetery,
          evilmike_swamp_ruin_house_1, cheibrodos_swamp_pet_leeches, uniq_aizul,
          uniq_donald
Swamp:3:  nicolae_swamp_long_stream, layout_basic_swamp,
          evilmike_swamp_ruin_rubble_1, uniq_mara
Swamp:4:  swamp_alternative, layout_basic_swamp, uniq_nikola
Snake:1:  layout_misc_corridors, basic_altar, minmay_shop_grove,
          grunt_megastairs_2
Snake:2:  layout_misc_corridors, serial_bayou_shore_b, uniq_vashnia,
          uniq_asterion
Snake:3:  layout_rooms, hangedman_snake_pattern
Snake:4:  grunt_snake_rune_pools, layout_gridlike,
          hangedman_snake_corridor_split
Orc:1:    layout_diamond_mine, basic_altar, serial_shops,
          nicolae_shop_hallway_stairs, bh_open_orc_temple
Orc:2:    st_orc_mages, layout_caves, nicolae_volcano_entry_lava_flow,
          abandoned_shop
Vaults:1: ontoclasm_vaults_loading_screen, v_misc_27,
          nicolae_vaults_security_offices_3, nicolae_vaults_diagonal_hallway_8,
          hangedman_vaults_stretched_pinwheel, nicolae_vaults_prndl, v_rooms_3,
          nicolae_vaults_apartment_2, v_misc_28, nicolae_vaults_diamond_2,
          nicolae_vaults_ellipses_ellipsis, vaults_dpeg_diagonal,
          vaults_dpeg_cross, vaults_room_grunt_arrival_ludios,
          layout_vaults_maze_snakey, serial_shops, shop
Vaults:2: hangedman_vaults_nails, v_alt_pattern_2, grunt_vaults_funnel,
          hangedman_vaults_locks, vaults_room_pool, nicolae_vaults_big_ls,
          minmay_crypt_entry_nasty_monster, vaults_room_pool,
          ontoclasm_vaults_fault, nicolae_vaults_murder_corner,
          nicolae_vaults_double_plus_1, layout_vaults_omnigrid, serial_shops,
          shop, uniq_norris, uniq_frederick
Vaults:3: v_pattern_4, nicolae_vaults_diagonal_hallway_7,
          nicolae_vaults_ninety_degrees, nicolae_vaults_rhombus_6,
          nicolae_vaults_yaktaur_gun_rack, nicolae_vaults_three_branches,
          grunt_vaults_twisty, nicolae_vaults_turnstiles,
          nicolae_vaults_specimen_jars, nicolae_vaults_two_Ls,
          nicolae_vaults_cochlea, ontoclasm_vaults_ring_square,
          ontoclasm_vaults_ring_small, nicolae_vaults_trapezoid_lopsided_1,
          nicolae_vaults_trapezoid_lopsided_1, layout_vaults_omnibox,
          uniq_margery
Vaults:4: vaults_room_door_ring, v_misc_2, nicolae_vaults_six-pack,
          nicolae_vaults_tetromino_L_1, nicolae_vaults_offset_grid_hallway_4,
          nicolae_vaults_door_testing_chamber, v_misc_23, v_rooms_4,
          v_pattern_5, nicolae_vaults_tetromino_Z_1,
          ontoclasm_vaults_ring_square, hangedman_vaults_impose,
          ontoclasm_vaults_decontamination, vaults_dpeg_encased_lava,
          nicolae_vaults_house_2, layout_vaults_ring, serial_shops,
          bzr_entry_water, nicolae_shop_pleasant_corner_grove
Vaults:5: uniq_sojobo, uniq_mennas
Depths:1: layout_gridlike, enter_ziggurat_a, hangedman_coc_ice_floe,
          mu_enter_wizlab_4, hangedman_decor_peaks_small, serial_bayou_lake_a
Depths:2: minmay_angry_zag, layout_cave_pools, minmay_hedge_maze, hell_entry,
          enter_trove_2, rand_demon_pan_entry_1,
          infiniplex_staircase_split_hallway
Depths:3: hangedman_spin_cycle, abyss_entry, hell_entry
Depths:4: grunt_bruiser_brothers, layout_cave_pools, lightli_too_deep,
          hangedman_decor_points, tgw_sif
Zot:1:    ebering_klown_carousel, layout_misc_corridors, bh_zot_lava_cross,
          uniq_vv

Skill      XL: |  1  2  3  4  5  6  7  8  9 10 11 12 13 14 15 16 17 18 19 20 21 22 23 24 |
---------------+-------------------------------------------------------------------------+-----
Ranged Weapons | 5 6 7 8 9 11 12 13 15 17 18 19 20 21 22 | 22.0
Armour         | 1 4 5 7 8 9 10 11 14 15 | 15.0
Fighting       | 3 4 5 7 8 9 10 11 13 16 18 19 21 22 24 25 26 | 26.0
Dodging        | 2 3 4 5 6 7 9 10 11 13 15 16 17 18 20 | 20.7
Invocations    | 4 6 9 10 | 10.0
Stealth        | |  1.1

Action                     |  1- 3 |  4- 6 |  7- 9 | 10-12 | 13-15 | 16-18 | 19-21 | 22-24 || total
---------------------------+-------+-------+-------+-------+-------+-------+-------+-------++-------
   Fire: Shortbow          |    88 |    67 |       |       |       |       |       |       ||   155
         Arbalest          |       |    57 |   148 |   314 |   807 |   275 |       |       ||  1601
         Longbow           |       |       |       |       |       |  1243 |   754 |       ||  1997
         Triple crossbow   |       |       |       |       |       |       |   662 |  1161 ||  1823
         Hand cannon       |       |       |       |       |       |       |    59 |       ||    59
 Invoke: Heroism           |       |       |     7 |    15 |    24 |    34 |    25 |    48 ||   153
         Finesse           |       |       |       |     3 |     8 |     9 |    10 |     8 ||    38
    Use: Scroll            |     5 |     7 |     4 |     3 |     8 |     4 |     5 |    11 ||    47
         Potion            |       |     3 |     3 |     1 |     1 |     1 |     2 |    12 ||    23
 Armour: Leather armour    |     4 |       |       |       |       |   190 |   369 |    42 ||   605
         Ring mail         |    16 |    17 |    45 |    90 |       |       |    24 |   619 ||   811
         Robe              |       |       |       |    32 |   155 |       |       |       ||   187
         Troll leather arm |       |       |       |       |    30 |     1 |       |       ||    31
  Dodge: Dodged            |    23 |    14 |    34 |   138 |   249 |   554 |  1194 |  1940 ||  4146
         Repelled          |       |       |       |       |     2 |    17 |     6 |    17 ||    42
  Block: Other             |       |     8 |    15 |    41 |    81 |   109 |   131 |       ||   385
         Reflection        |       |       |     2 |     2 |     7 |    13 |    12 |       ||    36

Table legend:
 A = Non-vault XP
 B = Vault XP
 C = Vault XP percentage of total XP
 D = Non-vault monster count
 E = Vault monster count
 F = Vault count percentage of total count
                 A         B        C        D         E       F
            +---------+---------+-------+---------+---------+-------
      Total |  442500 |  466144 |  51.3 |    1010 |     605 |  37.5
            +---------+---------+-------+---------+---------+-------
        D:1 |      40 |       0 |   0.0 |      21 |       0 |   0.0
        D:2 |      62 |       0 |   0.0 |      18 |       0 |   0.0
        D:3 |      61 |       0 |   0.0 |      21 |       0 |   0.0
        D:4 |     217 |       2 |   0.9 |      15 |       1 |   6.2
        D:5 |     626 |       0 |   0.0 |      20 |       0 |   0.0
        D:6 |     861 |       0 |   0.0 |      16 |       0 |   0.0
        D:7 |     491 |     757 |  60.7 |      17 |       2 |  10.5
        D:8 |    2312 |       0 |   0.0 |      37 |       0 |   0.0
        D:9 |    1483 |    9056 |  85.9 |      15 |      18 |  54.5
       D:10 |    2710 |       0 |   0.0 |      12 |       0 |   0.0
       D:11 |    3005 |     371 |  11.0 |      15 |       4 |  21.1
       D:12 |    4349 |       0 |   0.0 |      12 |       0 |   0.0
       D:13 |    8318 |    3430 |  29.2 |      19 |      10 |  34.5
       D:14 |    3626 |    1452 |  28.6 |      18 |       3 |  14.3
       D:15 |    9949 |    7783 |  43.9 |      24 |      13 |  35.1
     Lair:1 |   11239 |       0 |   0.0 |      36 |       0 |   0.0
     Lair:2 |    4472 |    1248 |  21.8 |      16 |       8 |  33.3
     Lair:3 |    7193 |       0 |   0.0 |      26 |       0 |   0.0
     Lair:4 |   14406 |       0 |   0.0 |      30 |       0 |   0.0
     Lair:5 |   19447 |   12540 |  39.2 |      46 |      38 |  45.2
    Swamp:1 |    6280 |    1604 |  20.3 |      13 |       1 |   7.1
    Swamp:2 |    6539 |    4078 |  38.4 |      13 |       5 |  27.8
    Swamp:3 |   17973 |    4090 |  18.5 |      32 |       1 |   3.0
    Swamp:4 |   12295 |   20536 |  62.6 |      19 |      30 |  61.2
    Snake:1 |   18117 |     587 |   3.1 |      39 |       2 |   4.9
    Snake:2 |   14673 |    8799 |  37.5 |      31 |       7 |  18.4
    Snake:3 |   20724 |       0 |   0.0 |      39 |       0 |   0.0
    Snake:4 |   15966 |   31644 |  66.5 |      32 |      50 |  61.0
      Orc:1 |    1750 |     798 |  31.3 |      28 |       2 |   6.7
      Orc:2 |    3253 |    4768 |  59.4 |      36 |      41 |  53.2
   Vaults:1 |   26363 |   28584 |  52.0 |      34 |      40 |  54.1
   Vaults:2 |   27462 |   37495 |  57.7 |      36 |      40 |  52.6
   Vaults:3 |   18865 |   17139 |  47.6 |      30 |      20 |  40.0
   Vaults:4 |   28083 |   48044 |  63.1 |      34 |      52 |  60.5
   Vaults:5 |   20312 |   84809 |  80.7 |      24 |      65 |  73.0
   Depths:1 |   29153 |       0 |   0.0 |      40 |       0 |   0.0
   Depths:2 |   29851 |    9476 |  24.1 |      36 |      12 |  25.0
   Depths:3 |       0 |   84070 | 100.0 |       0 |      90 | 100.0
   Depths:4 |   32662 |   17220 |  34.5 |      35 |      18 |  34.0
      Zot:1 |       0 |    6938 | 100.0 |       0 |       2 | 100.0
    Abyss:2 |   17312 |       0 |   0.0 |      25 |       0 |   0.0
     WizLab |       0 |   18826 | 100.0 |       0 |      30 | 100.0
            +---------+---------+-------+---------+---------+-------
